 Dungeon Crawl Stone Soup version 0.31.0-11-ge490571c62 (webtiles) character file.

Game seed: 411254843408373267

14413291 TobyConnect the Conqueror (level 27, 273/273 HPs)
             Began as a Demonspawn Fighter on Jan 30, 2024.
             Was an Initiate of Gozag.
             Escaped with the Orb
             ... and 15 runes
             ... and 5 gems on Feb 1, 2024!
             The game lasted 05:01:56 (115733 turns).

TobyConnect the Conqueror (Demonspawn Fighter)    Turns: 115733, Time: 05:01:57

Health: 273/273    AC: 51    Str: 31    XL:     27
Magic:  48/48      EV: 23    Int:  9    God:    Gozag
Gold:   1837       SH:  9    Dex: 20    Spells: 68/68 levels left

rFire   + + .        H - +9 broad axe (spect)
rCold   + + +        (no shield)
rNeg    + + +        e - +12 gold dragon scales
rPois   ∞            g - +2 helmet {SInv}
rElec   +            D - +2 cloak {rCorr}
rCorr   +            (gloves unavailable)
SInv    +            Y - +2 pair of boots "Ofumoqech" {rElec rN+}
Will    ++++.        t - amulet "Gemuir" {Reflect Regen+ Int-5 Slay+5 SH+5}
Stlth   +            W - ring "Withra Nalu" {Fly rC+ Int+5}
HPRegen 1.45/turn    I - ring "Xennezan" {rF+ rC- Will+ Dex+6 Slay+5}
MPRegen 0.31/turn

%: reflection
@: death-form, flying, studying 2 skills
A: vile attack, torment immunity, no potions, ignite blood 3, powered by death
3, (sanguine armour 3), corrupting presence 2, word of chaos, demonic touch 3,
large bone plates 1, cold resistance 1, robust 1, strong 1, evolution 2, subdued
magic 1
0: Orb of Zot
}: 15/15 runes: serpentine, barnacled, slimy, silver, golden, iron, obsidian,
icy, bone, abyssal, demonic, glowing, magical, fiery, dark
a: Word of Chaos, Siphon Essence, Begin Untransformation, Renounce Religion,
Potion Petition, Call Merchant, Bribe Branch


You escaped.
You worshipped Gozag.
Gozag was most pleased with you.
You were an undying horror.
You visited 18 branches of the dungeon, and saw 88 of its levels.
You visited Pandemonium 6 times, and saw 23 of its levels.
You visited the Abyss 10 times.
You completed 1 ziggurat, and saw 27 of its levels.

You collected 75187 gold pieces.
You spent 13689 gold pieces at shops.
You paid 59661 gold pieces to Gozag.

Inventory:

Hand Weapons
 H - a +9 spectral broad axe (weapon)
Armour
 e - +12 gold dragon scales (worn)
 g - a +2 helmet of see invisible (worn)
 w - a +0 pair of boots of rampaging
 D - a +2 cloak of preservation (worn)
 Q - the +2 helmet of the Furies {Int-2 Slay+5}
   (You found it on level 5 of the Pits of Slime)

   Int-2:     It affects your intelligence (-2).
   Slay+5:    It affects your accuracy & damage with ranged weapons and melee
   (+5).
 Y - the +2 pair of boots "Ofumoqech" (worn) {rElec rN+}
   (You found it on level 12 of a ziggurat)

   rElec:     It insulates you from electricity.
   rN+:       It protects you from negative energy.
Jewellery
 h - the amulet of the Duke {Reflect +Blink Fly Str+2 SH+5}
   (You bought it in a shop on level 3 of the Elven Halls)

   [amulet of reflection]

   Reflect:   It reflects blocked missile attacks.
   Str+2:     It affects your strength (+2).
   Fly:       It grants you flight.
   +Blink:    It lets you blink.
   SH+5:      It affects your SH (+5).
 k - the ring of Wirethra {rElec AC+4 Str+3}
   (You found it on level 5 of the Pits of Slime)

   [ring of protection]

   AC+4:      It affects your AC (+4).
   Str+3:     It affects your strength (+3).
   rElec:     It insulates you from electricity.
 m - the ring of Zanon {rPois rC+ rCorr Dex+3 SInv}
   (You found it on level 16 of a ziggurat)

   [ring of see invisible]

   Dex+3:     It affects your dexterity (+3).
   rC+:       It protects you from cold.
   rPois:     It protects you from poison SInv: It lets you see invisible.
   rCorr:     It protects you from acid and corrosion.
 t - the amulet "Gemuir" (around neck) {Reflect Regen+ Int-5 Slay+5 SH+5}
   (You found it on level 7 of Gehenna)

   [amulet of reflection]

   Reflect:   It reflects blocked missile attacks.
   Int-5:     It affects your intelligence (-5).
   Slay+5:    It affects your accuracy & damage with ranged weapons and melee
   (+5).
   Regen+:    It increases your rate of health regeneration.
   SH+5:      It affects your SH (+5).
 I - the ring "Xennezan" (right hand) {rF+ rC- Will+ Dex+6 Slay+5}
   (You took it off a yaktaur captain on level 5 of the Vaults)

   [ring of dexterity]

   Dex+6:     It affects your dexterity (+6).
   Slay+5:    It affects your accuracy & damage with ranged weapons and melee
   (+5).
   rF+:       It protects you from fire.
   rC-:       It makes you vulnerable to cold.
   Will+:     It increases your willpower.
 V - the ring "Coopiudd" {Will+ EV+5 Int+3 Dex+2}
   (You found it on level 4 of a ziggurat)

   [ring of evasion]

   EV+5:      It affects your evasion (+5).
   Int+3:     It affects your intelligence (+3).
   Dex+2:     It affects your dexterity (+2).
   Will+:     It increases your willpower.
 W - the ring "Withra Nalu" (left hand) {Fly rC+ Int+5}
   (You bought it in a shop in the Vestibule of Hell)

   [ring of flight]

   Int+5:     It affects your intelligence (+5).
   rC+:       It protects you from cold.
   Fly:       It grants you flight.
 Z - the ring of Idofes {Int+3 Dex+6 SInv}
   (You bought it in a shop on level 4 of the Depths)

   [ring of dexterity]

   Int+3:     It affects your intelligence (+3).
   Dex+6:     It affects your dexterity (+6).
   SInv:      It lets you see invisible.
Talismans
 N - a talisman of death (active)
Wands
 o - a wand of paralysis (129)
 A - a wand of flame (297)
 K - a wand of roots (181)
 O - a wand of acid (114)
 P - a wand of digging (56)
Scrolls
 a - 27 scrolls of enchant weapon
 f - 20 scrolls of immolation
 s - 10 scrolls of brand weapon
 x - 7 scrolls of torment
 z - 5 scrolls of butterflies
 C - 17 scrolls of teleportation
 E - 13 scrolls of blinking
 F - 16 scrolls of poison
 G - 24 scrolls of fog
 M - 8 scrolls of revelation
 S - 17 scrolls of fear
 U - 11 scrolls of enchant armour
Potions
 b - 11 potions of ambrosia
 c - 2 potions of experience
 d - a potion of might
 i - 12 potions of cancellation
 j - 17 potions of enlightenment
 p - 24 potions of heal wounds
 q - 4 potions of haste
 r - 11 potions of magic
 v - 15 potions of attraction
 B - 30 potions of curing
 L - 33 potions of mutation
 R - 8 potions of resistance
Miscellaneous
 l - a +1 figurine of a ziggurat
 n - a condenser vane
 u - a sack of spiders
 y - a phantom mirror (inert)
 J - the horn of Geryon
 T - a lightning rod (4/4) (quivered)
 X - a phial of floods


   Skills:
 O Level 27 Fighting
 O Level 27 Axes
 O Level 27 Armour
 O Level 27 Dodging
 O Level 27 Stealth
 - Level 13.1 Shields
 + Level 21.4 Spellcasting
 + Level 19.6 Summonings
 O Level 27 Evocations
 O Level 27 Shapeshifting


You had 68 spell levels left.
You didn't know any spells.
Your spell library contained the following spells:

 Spells                   Type           Power      Damage    Failure   Level
 Summon Small Mammal      Summ           100%       N/A       0%          1
 Call Imp                 Summ           68%        N/A       0%          2
 Call Canine Familiar     Summ           34%        N/A       0%          3
 Summon Ice Beast         Ice/Summ       21%        N/A       1%          3
 Summon Cactus Giant      Summ           17%        N/A       1%          6
 Animate Armour           Summ/Erth      42%        N/A       3%          4
 Martyr's Knell           Necr/Summ      21%        N/A       3%          4
 Summon Blazeheart Golem  Fire/Summ      21%        N/A       3%          4
 Summon Lightning Spire   Summ/Air       21%        N/A       3%          4
 Monstrous Menagerie      Summ           17%        N/A       4%          7
 Summon Hydra             Summ           17%        N/A       4%          7
 Summon Forest            Summ/Tloc      10%        N/A       9%          5
 Summon Mana Viper        Hex/Summ       21%        N/A       9%          5
 Apportation              Tloc           14%        N/A       19%         1
 Foxfire                  Conj/Fire      28%        2x1d5     19%         1
 Freeze                   Ice            28%        1d5       19%         1
 Kiss of Death            Conj/Necr      28%        2d7       19%         1
 Magic Dart               Conj           28%        1d4       19%         1
 Necrotise                Necr           28%        1d5       19%         1
 Sandblast                Erth           14%        2d6       19%         1
 Shock                    Conj/Air       28%        1d4       19%         1
 Slow                     Hex            28%        N/A       19%         1
 Sting                    Conj/Alch      28%        1d4       19%         1
 Blink                    Tloc           14%        N/A       30%         2
 Cigotuvi's Dreadful Rot  Necr/Alch/Air  14%        N/A       30%         2
 Ensorcelled Hibernation  Hex/Ice        14%        N/A       30%         2
 Jinxbite                 Hex            14%        N/A       30%         2
 Lesser Beckoning         Tloc           14%        N/A       30%         2
 Mercury Vapours          Alch/Air       14%        N/A       30%         2
 Momentum Strike          Conj/Tloc      14%        3d8       30%         2
 Scorch                   Fire           14%        2d5       30%         2
 Searing Ray              Conj           14%        2d5       30%         2
 Static Discharge         Conj/Air       14%        3-4/arc   30%         2
 Sublimation of Blood     Necr           7%         N/A       30%         2
 Summon Horrible Things   Summ           17%        N/A       38%         8
 Confusing Touch          Hex            7%         N/A       52%         3
 Dazzling Flash           Conj/Hex       14%        N/A       52%         3
 Frozen Ramparts          Ice            14%        1d3       52%         3
 Fugue of the Fallen      Necr           7%         N/A       52%         3
 Gell's Gravitas          Tloc           7%         N/A       52%         3
 Hailstorm                Conj/Ice       7%         3d5       52%         3
 Inner Flame              Hex/Fire       7%         N/A       52%         3
 Mephitic Cloud           Conj/Alch/Air  7%         N/A       52%         3
 Ozocubu's Armour         Ice            7%         N/A       52%         3
 Passwall                 Erth           7%         N/A       52%         3
 Sigil of Binding         Hex            7%         N/A       52%         3
 Stone Arrow              Conj/Erth      14%        3d7       52%         3
 Swiftness                Air            7%         N/A       52%         3
 Teleport Other           Tloc           7%         N/A       52%         3
 Tukima's Dance           Hex            7%         N/A       52%         3
 Vampiric Draining        Necr           7%         2d6       52%         3
 Volatile Blastmotes      Fire/Tloc      14%        2d11      52%         3
 Airstrike                Air            3%         2d(1-17)  90%         4
 Anguish                  Hex/Necr       3%         N/A       90%         4
 Brom's Barrelling Bould  Conj/Erth      7%         2d3       90%         4
 Cause Fear               Hex            3%         N/A       90%         4
 Dimensional Bullseye     Hex/Tloc       3%         N/A       90%         4
 Dispel Undead            Necr           7%         3d8       90%         4
 Flame Wave               Conj/Fire      7%         2d5       90%         4
 Fulminant Prism          Conj/Alch      3%         3d5       90%         4
 Ignite Poison            Fire/Alch      7%         N/A       90%         4
 Iskenderun's Mystic Bla  Conj/Tloc      7%         2d4       90%         4
 Leda's Liquefaction      Alch/Erth      3%         N/A       90%         4
 Manifold Assault         Tloc           7%         N/A       90%         4
 Olgreb's Toxic Radiance  Alch           7%         N/A       90%         4
 Passage of Golubria      Tloc           7%         N/A       90%         4
 Petrify                  Alch/Erth      7%         N/A       90%         4
 Sticky Flame             Fire/Alch      7%         2d4       90%         4
 Vhi's Electric Charge    Tloc/Air       14%        N/A       90%         4
 Haunt                    Necr/Summ      10%        N/A       97%         7
 Malign Gateway           Summ/Tloc      10%        N/A       97%         7
 Spellforged Servitor     Conj/Summ      10%        N/A       97%         7
 Alistair's Intoxication  Alch           4%         N/A       99%         5
 Arcjolt                  Conj/Air       3%         1d13      99%         5
 Borgnjor's Vile Clutch   Necr/Erth      3%         N/A       99%         5
 Curse of Agony           Necr           7%         N/A       99%         5
 Fireball                 Conj/Fire      3%         3d4       99%         5
 Freezing Cloud           Conj/Ice/Air   3%         6-21      99%         5
 Irradiate                Conj/Alch      3%         3d12      99%         5
 Iskenderun's Battlesphe  Conj           7%         2d6       99%         5
 Lee's Rapid Deconstruct  Erth           3%         3d5*      99%         5
 Metabolic Englaciation   Hex/Ice        3%         N/A       99%         5
 Silence                  Hex/Air        3%         N/A       99%         5
 Yara's Violent Unravell  Hex/Alch       3%         3d4       99%         5
 Bombard                  Conj/Erth      3%         9d1       100%        6
 Conjure Ball Lightning   Conj/Air       3%         3x3d6     100%        6
 Death Channel            Necr           3%         N/A       100%        6
 Dispersal                Tloc           3%         N/A       100%        6
 Eringya's Noxious Bog    Alch           3%         4d6       100%        6
 Plasma Beam              Fire/Air       3%         2x1d13    100%        6
 Sculpt Simulacrum        Ice/Alch       3%         N/A       100%        6
 Starburst                Conj/Fire      3%         6d3       100%        6
 Enfeeble                 Hex            3%         N/A       100%        7
 Orb of Destruction       Conj           3%         9d5       100%        7
 Ozocubu's Refrigeration  Ice            3%         4d8       100%        7
 Borgnjor's Revivificati  Necr           3%         N/A       100%        8
 Discord                  Hex            3%         N/A       100%        8
 Disjunction              Tloc           3%         N/A       100%        8
 Ignition                 Fire           3%         3d4       100%        8
 Infestation              Necr           3%         N/A       100%        8
 Lehudib's Crystal Spear  Conj/Erth      3%         10d3      100%        8
 Maxwell's Capacitive Co  Air            3%         ∞         100%        8
 Chain Lightning          Conj/Air       3%         3d4       100%        9
 Death's Door             Necr           3%         N/A       100%        9
 Dragon's Call            Summ           17%        N/A       100%        9
 Fire Storm               Conj/Fire      3%         8d1       100%        9
 Polar Vortex             Ice            3%         N/A       100%        9
 Shatter                  Erth           3%         3d7*      100%        9
 Animate Dead             Necr           Unusable   N/A       N/A         4

Dungeon Overview and Level Annotations

Branches:
Dungeon (15/15)            Temple (1/1) D:7            Lair (5/5) D:11
 Shoals (4/4) Lair:3        Snake (4/4) Lair:3        Slime (5/5) Lair:4
    Orc (2/2) D:10            Elf (3/3) Orc:2        Vaults (5/5) D:14
  Crypt (3/3) Vaults:3       Tomb (3/3) Crypt:3      Depths (4/4) D:15
   Hell (visited)             Dis (7/7) Hell            Geh (7/7) Hell
    Coc (7/7) Hell            Tar (7/7) Hell            Zot (5/5) Depths:4

Altars:
Ashenzari
Cheibriados
Dithmenos
Fedhas
Gozag
Hepliaklqana
Kikubaaqudgha
Makhleb
Nemelex Xobeh
Okawaru
Qazlal
Ru
Sif Muna
Trog
Uskayaw
Vehumet
Wu Jian
Xom
Yredelemnul
Jiyva

Shops:
D:1 [   D:9 [   D:12 (   D:14 :   D:15 =   Orc:2 =*[(   Elf:1 *   Elf:2 (:[*?
Elf:3 (=   Lair:1 (   Lair:5 *   Snake:1 ?   Snake:2 =?   Snake:4 =!
Vaults:1 [   Vaults:2 (   Vaults:4 (*   Vaults:5 *   Crypt:1 [   Hell [[=
Depths:3 [:   Depths:4 ((=*

Portals:
Hell: Depths:1 Depths:2 Depths:3 Depths:4
Abyss: Depths:3
Pandemonium: Depths:2 Depths:4

Annotations:
D:4 1 runed translucent door, Crazy Yiuf


Innate Abilities, Weirdness & Mutations

You are an undying horror.
Your melee and unarmed attacks drain, slow and weaken victims.
You are immune to unholy pain and torment.
You cannot drink.
You are immune to poison.
Your demonic aura causes all spilled blood to erupt in flames.
You regenerate a lot of health from kills.
((When seriously injured, your blood forms very thick armour. (AC +0)))
Your presence sometimes corrodes or deforms those you injure.
You can speak a Word of Chaos.
Your touch may irresistibly damage your foes and sap their willpower.
You are partially covered in large bone plates. (SH +4)
Your flesh is cold resistant. (rC+)
You are robust. (+10% HP)
Your muscles are strong. (Str +4, Int/Dex -1)
You have great hidden genetic potential.
Your spells are a little easier to cast, but a little less powerful.


Message History

You hit Zotov but do no damage.
Your +9 spectral broad axe hits Zotov!!!
Zotov hits you.
You barely miss Zotov.
Zotov is moderately wounded.
You slice the Brimstone Fiend!!
The Brimstone Fiend decays.
Your +9 spectral broad axe hits Zotov!!
The Brimstone Fiend hits you but does no damage. x3
Unknown command.
You slice the Brimstone Fiend!!
The Brimstone Fiend decays.
The Brimstone Fiend twists and deforms.
You touch the Brimstone Fiend!
The Brimstone Fiend is almost dead.
You miss Zotov.
Your +9 spectral broad axe hits Zotov!!
Zotov hits your +9 spectral broad axe!!!
Your spectral weapon shares its damage with you!
Your +9 spectral broad axe disappears.
Unknown command.
You closely miss the Brimstone Fiend.
Zotov screeches, "Get thee gone whilst thou may!"
You touch the Brimstone Fiend!
You kill the Brimstone Fiend!
You slash Zotov!
Zotov decays.
Your +9 spectral broad axe hits Zotov!!!
You kill Zotov!
No target in view!
Unknown command.
No target in view!
Unknown command.
No target in view!
Your +9 spectral broad axe disappears.
You now have 1837 gold pieces (gained 17).
There is a stone staircase leading up here.
HP restored.
You fly upwards.
There is a stone staircase leading down here.
What level of the Dungeon? (default 1, ? - help)
A lich comes into view.
There is a staircase leading out of the dungeon here.
The lich shouts!
You have escaped!

.........♣.............♣.......#
......♣♣♣~♣.....PP....♣~♣♣♣..#.##
.....♣...♣~♣...PPPP..♣~♣...♣.....
....♣.....♣L♣PPPPPPP♣~♣.....♣###.
....♣......♣~♣PPPPP♣~♣......♣....
....♣......P♣~♣PPP♣~♣P......♣.##.
.8..♣.....PPP♣~♣♣♣~♣PPP.....♣###.
.....♣...PPPPP♣~~~♣PPPPP...♣.###.
.⌠....♣..PPPPP♣~z~♣PPPPP..♣......
...#.♣....PPPP♣~~~♣PPPP....♣.....
.8.#♣......PP♣~♣♣♣~♣PP......♣....
...#♣......P♣~♣PPP♣~♣P......♣....
#...♣......♣~♣PPPPP♣~♣......♣....
#.##♣.....♣~♣PPPPPPP♣~♣.....♣....
..# #♣...♣~♣..PPPP...♣~♣...♣.....
#.# #♣♣♣~♣....PP.....♣~♣♣♣#.....
#.# #♣.............♣..#######


You could see a lich.

Vanquished Creatures
  Cerebov (Pan)
  Antaeus (Coc:7)
  Asmodeus (Geh:7)
  the Royal Jelly (Slime:5)
  Mnoleg (Pan)
  Lom Lobon (Pan)
  Ereshkigal (Tar:7)
  Gloorx Vloq (Pan)
  the Serpent of Hell (Geh:7)
  A seraph (Pan)
  31 pandemonium lords
  Frederick (Vaults:2)
  Dispater (Dis:7)
  17 dread liches
  4 ancient liches
  Mennas (Pan)
  4 orbs of fire
  4 juggernauts
  Xtahua (Vaults:2)
  Josephina (Depths:2)
  47 royal mummies
  The ghost of Heot Zafel the Impregnable, a veteran MiGl of Hepliaklqana (Crypt:1)
  Parghit (Zot:4)
  9 Killer Klowns
  2 curse toes
  4 shard shrikes (Coc:7)
  38 caustic shrikes
  Geryon (Hell)
  14 golden dragons
  5 profane servitors
  2 pearl dragons (Pan)
  40 bone dragons
  19 doom hounds
  The ghost of Anihuhunn the Metallomancer, an adept GrEE of Vehumet (Zig:9)
  40 Tzitzimimeh
  3 electric golems
  41 Brimstone Fiends
  15 hellephants
  16 tentacled monstrosities
  35 Orb Guardians
  6 iron giants
  31 Hell Sentinels
  2 spectral shard shrikes
  32 searing wretches
  17 liches
  31 Ice Fiends
  13 titans
  4 walking frostbound tomes
  A shard shrike skeleton (Crypt:3)
  8 quicksilver dragons
  15 tainted leviathans
  Asterion (Vaults:3)
  20 acid blobs
  17 deep elf master archers
  39 ancient champions
  Polyphemus (Shoals:4)
  11 tentacled starspawn
  2 eldritch tentacles (Pan)
  13 deep elf blademasters
  9 shadow dragons
  47 Executioners
  3 krakens
  8 sphinxes
  12 death cobs
  7 tengu reavers
  Frances (Elf:1)
  14 storm dragons
  The ghost of dakkaduck the Slayer, a journeyman MiBe of Trog (Elf:2)
  Aizul (Vaults:1)
  Donald (Vaults:2)
  4 fenstrider witches
  16 rockslimes
  The ghost of Reshaum the Fighter, an adept GrFi of Ashenzari (Shoals:2)
  23 narguns
  14 protean progenitors
  15 revenants
  16 daevas
  8 nagarajas
  16 demonspawn warmongers
  23 azure jellies
  Ilsuiw (Shoals:4)
  17 vault wardens
  68 balrugs
  19 frost giants
  12 draconian monks
  A frost giant (shapeshifter) (Zig:7)
  12 draconian shifters
  15 draconian knights
  The ghost of Waecyras the Anchorite, an adept KoGl of Zin (D:15)
  2 caustic shrike zombies (Zig:24)
  13 quicksilver elementals
  22 fire giants
  2 emperor scorpions (Zig:25)
  15 deep elf sorcerers
  9 iron dragons
  16 draconian scorchers
  11 curse skulls
  17 ghost moths
  2 juggernaut zombies
  7 deep elf elementalists
  A spectral juggernaut (Tar:6)
  4 shard shrike simulacra
  15 draconian stormcallers
  4 spectral caustic shrikes
  4 orc warlords
  10 ghouls
  6 spriggan defenders
  28 demonspawn blood saints
  36 reapers
  15 quicksilver oozes
  32 demonspawn corrupters
  11 draconian annihilators
  39 cacodemons
  14 ophanim (Pan)
  20 ironbound preservers
  29 very ugly things
  The ghost of blexxed the Severer, a journeyman DsFi of Okawaru (Orc:1)
  19 angels
  25 elemental wellsprings
  3 ironbound thunderhulks
  25 stone giants
  23 demonspawn black suns
  2 broodmothers (Zig:25)
  26 apis (Pan)
  8 formless jellyfish
  28 green draconians
  16 wendigos
  10 caustic shrike skeletons
  19 vampire knights
  16 red draconians
  22 white draconians
  38 war gargoyles
  18 deep elf death magi
  9 juggernaut skeletons
  22 black draconians
  22 deep elf annihilators
  5 putrid mouths
  6 dire elephants
  8 spark wasps
  16 deep elf demonologists
  9 bennus
  14 iron golems
  15 yellow draconians
  25 lorocyprocas
  21 purple draconians
  35 eidola
  52 blizzard demons
  36 mummy priests
  13 jiangshi
  A spectral quicksilver dragon (Tar:6)
  35 green deaths
  12 deep elf high priests
  A spectral iron giant (Tar:2)
  16 ettins
  5 crystal guardians
  10 entropy weavers
  6 spectral spriggans
  15 merfolk javelineers
  28 vault guards
  21 yaktaur captains
  8 merfolk impalers
  7 fire dragons
  11 ice dragons
  A fenstrider witch zombie (Crypt:3)
  2 spriggan zombies (Crypt:3)
  2 quicksilver dragon zombies
  11 hydras
  17 great orbs of eyes
  13 rakshasas
  8 salamander tyrants
  An elf skeleton (Crypt:3)
  9 boulder beetles
  4 ghost crabs
  2 merfolk avatars (Shoals:3)
  9 juggernaut simulacra
  An alligator snapping turtle (Shoals:4)
  12 ironbound frosthearts
  3 ogre magi (Vaults:5)
  A peacekeeper (Vaults:1)
  11 hell beasts
  4 jorogumos
  20 centaur warriors
  3 radroaches
  9 spriggan air magi
  2 alligators
  Fannar (D:10)
  16 caustic shrike simulacra
  7 merfolk aquamancers
  4 catoblepae
  9 anacondas
  2 death knights
  The ghost of Yehuk the Protected, a journeyman GrFi of Okawaru (D:11)
  46 dancing weapons
  6 spriggan skeletons
  11 satyrs
  12 two-headed ogres
  A two-headed ogre (shapeshifter) (Vaults:5)
  4 sphinx skeletons
  15 naga warriors
  6 stokers
  7 deep troll earth magi
  42 death scarabs
  6 deep troll shamans
  Urug (Orc:1)
  2 tengu warriors (Depths:3)
  27 vampire magi
  35 hell hogs
  10 thrashing horrors
  19 naga sharpshooters
  7 death yaks
  2 spectral dire elephants
  14 spriggan berserkers
  49 demonic crawlers
  6 orc high priests
  15 crystal echidnas
  4 titan zombies
  30 deep elf knights
  12 shock serpents
  5 hell knights (Abyss:3)
  121 sun demons
  11 wretched stars
  87 soul eaters
  10 iron trolls
  4 storm dragon zombies
  A fire crab (shapeshifter) (Zig:23)
  2 skysharks (shapeshifter)
  5 pharaoh ants (Zig:25)
  4 titan skeletons
  10 salamander mystics
  3 hellephant skeletons (Pan)
  26 skeletal warriors
  17 shadow wraiths
  13 cherubim (Pan)
  3 skysharks
  An iron giant zombie (Crypt:3)
  50 sixfirhies
  8 sun moths
  2 death drakes
  An orb spider (shapeshifter) (Zig:7)
  2 spectral anacondas (Tar:4)
  32 shadow demons
  4 spriggan druids (Zig:12)
  A spectral iron dragon (Tar:2)
  3 goliath frogs
  48 deep trolls
  4 spatial maelstroms
  A mana viper (shapeshifter) (Vaults:5)
  17 sea snakes
  2 anaconda zombies
  7 quicksilver dragon simulacra
  10 arcanists
  A swamp dragon (Zig:12)
  7 orb spiders (Zig:25)
  3 kraken simulacra
  20 deep elf archers
  A spectral hydra (Tar:1)
  3 obsidian statues
  10 glowing orange brains
  3 anaconda skeletons
  4 bog bodies
  A fenstrider witch simulacrum (Coc:1)
  16 ironbound convokers
  2 golden dragon zombies (Zig:24)
  4 steelbarb worms (Zig:25)
  4 spriggan simulacra
  13 naga ritualists
  An orange crystal statue (Zig:8)
  2 golden dragon skeletons
  20 flayed ghosts
  16 mana vipers
  A bunyip skeleton (Tomb:1)
  13 harpies
  5 necromancers
  A tengu zombie (Zig:15)
  9 orc knights
  25 phantasmal warriors
  10 lindwurms
  4 iron dragon zombies
  42 deep elf zephyrmancers
  17 fauns
  8 shining eyes
  A wolf spider zombie (Crypt:3)
  60 deep elf pyromancers
  A tengu skeleton (Elf:1)
  4 wolf spiders (Zig:25)
  18 manticores
  13 orc sorcerers
  2 shadow dragon skeletons
  A will-o-the-wisp (Zig:12)
  A spectral ettin (Tar:4)
  14 cyclopes
  2 frost giant skeletons
  104 large abominations
  23 salamanders
  64 ugly things
  A salamander (shapeshifter) (Zig:22)
  2 worldbinders
  2 guardian serpents
  32 moths of wrath
  10 rust devils
  4 Executioner simulacra (Pan)
  77 smoke demons
  37 black mambas
  4 water nymphs
  6 titan simulacra
  3 meliai
  11 elephants
  7 merfolk sirens
  An iron dragon skeleton (Zig:24)
  3 apocalypse crabs
  80 slime creatures
  8 kobold blastminers
  10 torpor snails
  28 naga magi
  7 ice statues
  2 stone giant skeletons
  21 vault sentinels
  4 eyes of devastation
  2 cane toads (shapeshifter)
  6 molten gargoyles (Hell)
  42 orange demons
  2 gargoyles
  2 alligator snapping turtle zombies (Crypt:3)
  A dire elephant skeleton (Crypt:3)
  A storm dragon simulacrum (Zig:24)
  47 hellions
  5 cane toads
  Maggie (D:8)
  A spark wasp simulacrum (Depths:2)
  3 rime drakes
  A centaur skeleton (Crypt:3)
  Jeremiah (D:7)
  An unseen horror (shapeshifter) (Depths:3)
  7 efreet
  An orb spider zombie (Crypt:1)
  3 komodo dragons
  47 yaktaurs
  A sea snake zombie (Hell)
  5 tengu conjurers
  9 freezing wraiths
  A great orb of eyes zombie (Crypt:3)
  2 iron giant simulacra
  39 tormentors
  6 anaconda simulacra
  3 spectral harpies
  A redback zombie (Crypt:1)
  A golden dragon simulacrum (Elf:1)
  2 queen bees (shapeshifter)
  A queen bee (D:15)
  12 trolls
  9 ancient zymes
  81 guardian mummies
  A wolf spider (shapeshifter) (Vaults:5)
  13 ice devils
  8 red devils
  5 silent spectres
  A harpy zombie (Crypt:3)
  2 yellow draconian skeletons
  6 polar bears
  A polar bear (shapeshifter) (D:15)
  A tengu simulacrum (Depths:2)
  12 hornets
  3 harpy skeletons
  A tyrant leech (Zig:12)
  8 wind drakes
  30 hellwings
  32 merfolk
  8 tarantellas
  8 raiju
  2 hydra skeletons (Hell)
  2 alligator simulacra (Hell)
  A glass eye (shapeshifter) (D:15)
  A shadow dragon simulacrum (Elf:1)
  A raiju (shapeshifter) (Vaults:5)
  6 blink frogs
  A death drake skeleton (Crypt:2)
  9 snapping turtles
  15 dream sheep
  2 iron dragon simulacra
  8 air elementals
  5 glass eyes
  4 jumping spiders (Zig:25)
  Sigmund (D:6)
  A centaur simulacrum (Crypt:3)
  2 culicivoras (Zig:25)
  4 wyverns
  A fire dragon skeleton (Crypt:2)
  4 vampires
  5 ettin skeletons
  18 spriggans
  The ghost of Skimidon the Sneak, an amateur VSDe of Uskayaw (D:4)
  11 wraiths
  13 water elementals
  8 small abominations
  37 ushabtiu
  8 naga simulacra
  A basilisk (Lair:4)
  65 ynoxinuls
  7 fire elementals
  61 yaks
  An alligator snapping turtle simulacrum (Coc:2)
  10 golden eyes
  7 dire elephant simulacra
  6 fire bats
  51 neqoxecs
  51 chaos spawn
  5 wargs
  6 redbacks
  13 vampire mosquitoes
  Menkaure (D:5)
  37 nagas
  Edmund (D:5)
  A steam dragon (Lair:1)
  A spatial vortex (Abyss:4)
  9 harpy simulacra
  2 hydra simulacra
  17 water moccasins
  2 naga skeletons
  A fire bat skeleton (Crypt:3)
  A demonspawn skeleton (Crypt:3)
  43 orc warriors
  4 black bears
  2 ettin simulacra (Coc:7)
  An ice beast (D:7)
  A sky beast (D:6)
  32 laughing skulls
  2 hornet zombies (D:4)
  25 wolves
  5 boggarts
  9 ogres
  14 centaurs
  2 phantoms (D:5)
  A komodo dragon zombie (Crypt:2)
  A weeping skull (Abyss:3)
  A vine stalker zombie (Crypt:3)
  8 earth elementals
  A brain worm (Abyss:3)
  7 bullfrogs
  4 scorpions
  A gnoll sergeant (D:7)
  4 necrophages (Crypt:3)
  A salamander skeleton (Crypt:3)
  A glowing shapeshifter simulacrum (Elf:1)
  17 wights (Crypt:3)
  A water moccasin skeleton (D:4)
  A polar bear skeleton (Crypt:3)
  17 killer bees
  3 howler monkeys (D:8)
  An electric eel (D:14)
  4 hounds
  2 quasits
  5 human zombies (Crypt:1)
  A jelly (D:6)
  31 orc priests
  5 bombardier beetles
  2 gnoll boudas
  A sleepcap (D:7)
  2 iron imps
  54 starcursed masses
  A human skeleton (Crypt:1)
  2 iguanas
  A scorpion zombie (Crypt:3)
  Ijyb (D:4)
  28 orc wizards
  12 hell rats
  A killer bee zombie (D:4)
  An ice beast zombie (Crypt:1)
  87 mummies
  A howler monkey zombie (Crypt:2)
  12 adders
  18 gnolls
  A howler monkey skeleton (Crypt:1)
  A shadow imp (D:5)
  A swamp drake skeleton (Crypt:2)
  2 white imps
  9 ufetubi
  An adder zombie (Crypt:3)
  2 dart slugs
  3 ribbon worms
  73 orcs
  5 endoplasms
  5 giant cockroaches
  7 goblins
  4 hobgoblins
  3 jackals
  A quokka (D:4)
  9 ball pythons
  3 bats
  A frilled lizard (D:2)
  4 kobolds
  4 rats
  9 aspiring fleshes
  A ball lightning (D:11)
  4 creeping infernos
  32 fire vortices
  22 spectral weapons
  15 starspawn tentacles
  6 tentacles
5974 creatures vanquished.

Vanquished Creatures (collateral kills)
  A pandemonium lord (Tomb:1)
  2 royal mummies (Tomb:3)
  2 Brimstone Fiends (Zig:21)
  A hellephant (Zig:21)
  An Ice Fiend (Tomb:3)
  2 liches (Tomb:1)
  An Executioner (Tomb:3)
  A searing wretch (Zig:21)
  An azure jelly (Coc:7)
  A balrug (Zig:26)
  A quicksilver ooze (Slime:5)
  A white draconian (Zot:4)
  An iron golem (Dis:7)
  A green death (Tomb:1)
  A mummy priest (Tomb:3)
  13 death scarabs (Tomb:3)
  A sixfirhy (Tomb:1)
  2 large abominations (Tomb:3)
  A moth of wrath (Zot:4)
  An eye of devastation (Pan)
  2 orange demons (Zig:26)
  A hellion (Zig:21)
  A tormentor (Zig:26)
  6 guardian mummies (Tomb:3)
  2 neqoxecs (Pan)
  15 mummies
  3 ball lightnings (Pan)
66 creatures vanquished.

Vanquished Creatures (others)
  2 royal mummies (Tomb:3)
  2 pandemonium lords
  An Ice Fiend (Coc:6)
  2 liches
  A searing wretch (Geh:2)
  An Executioner (Tomb:3)
  An ancient champion (Tomb:3)
  An eldritch tentacle (Pan)
  A draconian knight (Zig:17)
  A shard shrike simulacrum (Coc:7)
  A demonspawn corrupter (Zig:26)
  2 demonspawn blood saints
  A purple draconian (Zot:3)
  A war gargoyle (Dis:7)
  3 bennus
  Snorg (Orc:1)
  A green death (Zig:26)
  A mummy priest (Tomb:3)
  A blizzard demon (Tomb:1)
  A merfolk javelineer (Zig:16)
  A yaktaur captain (Zig:16)
  A hell beast (Zig:26)
  A juggernaut simulacrum (Coc:2)
  A spriggan air mage (Depths:4)
  5 caustic shrike simulacra
  9 death scarabs (Tomb:3)
  A vampire mage (Abyss:2)
  A thrashing horror (Zig:22)
  A skeletal warrior (Tomb:3)
  2 deep elf knights
  A quicksilver dragon simulacrum (Coc:5)
  A large abomination (D:11)
  A cyclops (Zig:19)
  2 titan simulacra
  A smoke demon (Pan)
  An ice statue (Pan)
  9 hellions (Pan)
  4 guardian mummies (Tomb:3)
  A red devil (Pan)
  An iron giant simulacrum (Coc:5)
  An ancient zyme (Zig:22)
  2 dire elephant simulacra
  An ushabti (Tomb:3)
  4 chaos spawn (Pan)
  4 harpy simulacra
  A small abomination (Vaults:3)
  8 ball lightnings
  A creeping inferno (Geh:4)
  A fire vortex (Geh:1)
  2 foxfires (Zig:12)
  A lurking horror (Abyss:4)
  290 spectral weapons
  19 starspawn tentacles
  16 tentacles
422 creatures vanquished.

Grand Total: 6462 creatures vanquished

Notes
Turn   | Place    | Note
-------+----------+-------------------------------------------
     0 | D:1      | TobyConnect the Demonspawn Fighter began the quest for the
                  | Orb.
     0 | D:1      | Reached XP level 1. HP: 18/18 MP: 1/1
   235 | D:1      | Gained mutation: You regenerate a little health from kills.
                  | [demonic ancestry]
   235 | D:1      | Reached XP level 2. HP: 24/24 MP: 2/2
   251 | D:1      | Found a faded altar of an unknown god.
   307 | D:1      | Found Xumoad's Armour Shop.
   756 | D:2      | Gained mutation: Your demonic aura sometimes causes spilled
                  | blood to erupt in flames. [demonic ancestry]
   756 | D:2      | Reached XP level 3. HP: 23/29 MP: 3/3
  1808 | D:3      | Gained mutation: Your touch may inflict minor irresistible
                  | damage on your foes. [demonic ancestry]
  1808 | D:3      | Reached XP level 4. HP: 36/37 MP: 4/4
  2312 | D:4      | Found a runed translucent gate.
  2312 | D:4      | Found a runed translucent gate.
  2316 | D:4      | Found a runed translucent gate.
  2316 | D:4      | Noticed Skimidon's ghost (amateur VSDe)
  2562 | D:4      | Noticed Ijyb
  2571 | D:4      | Killed Ijyb
  2572 | D:4      | Reached XP level 5. HP: 42/42 MP: 5/5
  2572 | D:4      | Noticed an ogre
  2588 | D:5      | Entered Level 5 of the Dungeon
  2612 | D:5      | Reached skill level 1 in Dodging
  2761 | D:5      | Identified the +1 cloak of Kikubaaqudgha's Fury {Int+3}
  2793 | D:5      | Gained mutation: When seriously injured, your blood forms
                  | armour. (AC +0) [demonic ancestry]
  2793 | D:5      | Reached XP level 6. HP: 47/49 MP: 6/6
  2994 | D:5      | Reached skill level 5 in Fighting
  3009 | D:5      | Reached XP level 7. HP: 56/56 MP: 7/7
  3531 | D:4      | Found a runed translucent door.
  3532 | D:4      | Noticed Crazy Yiuf
  3851 | D:5      | Noticed Menkaure
  3859 | D:5      | Killed Menkaure
  3860 | D:5      | Reached skill level 5 in Axes
  3974 | D:5      | Gained mutation: Your touch may inflict irresistible damage
                  | on your foes. [demonic ancestry]
  3974 | D:5      | Reached XP level 8. HP: 64/64 MP: 8/8
  3995 | D:5      | Noticed Edmund
  4008 | D:5      | Killed Edmund
  4492 | D:6      | Found an ornate altar of the Wu Jian Council.
  4589 | D:6      | Noticed Sigmund
  4599 | D:6      | Killed Sigmund
  4600 | D:6      | Reached skill level 5 in Armour
  4874 | D:6      | Found a stormy altar of Qazlal.
  4937 | D:6      | Found a shimmering altar of Xom.
  5039 | D:6      | Gained mutation: Your demonic aura often causes spilled
                  | blood to erupt in flames. [demonic ancestry]
  5039 | D:6      | Reached XP level 9. HP: 72/72 MP: 9/9
  5506 | D:7      | Found a staircase to the Ecumenical Temple.
  5515 | Temple   | Entered the Ecumenical Temple
  5525 | Temple   | Became a worshipper of Gozag Ym Sagoz the Greedy
  6054 | D:7      | Noticed Jeremiah
  6102 | D:7      | Killed Jeremiah
  6508 | D:8      | Gained mutation: Your demonic aura causes all spilled blood
                  | to erupt in flames. [demonic ancestry]
  6508 | D:8      | Reached XP level 10. HP: 80/83 MP: 10/10
  6511 | D:8      | Reached skill level 5 in Dodging
  6580 | D:8      | Noticed Maggie
  6586 | D:8      | Killed Maggie
  7076 | D:9      | Reached skill level 10 in Fighting
  7588 | D:10     | Entered Level 10 of the Dungeon
  7639 | D:10     | Noticed Fannar
  7643 | D:10     | Noticed a purple ugly thing
  7649 | D:10     | Killed Fannar
  7650 | D:10     | Reached XP level 11. HP: 92/92 MP: 11/11
  7658 | D:10     | Killed a purple ugly thing
  7718 | D:10     | Noticed a deep elf pyromancer
  7724 | D:10     | Killed a deep elf pyromancer
  8000 | D:10     | Identified the +3 dagger of Emihahan {flame, rElec Dex+3}
  8120 | D:10     | Found a staircase to the Orcish Mines.
  8398 | D:9      | Bought a +1 helmet of see invisible for 297 gold pieces
  8536 | D:11     | Reached skill level 10 in Axes
  8592 | D:11     | Found a staircase to the Lair.
  8614 | D:11     | Found a runed translucent door.
  8618 | D:11     | Noticed a two-headed ogre
  8625 | D:11     | Killed a two-headed ogre
  8973 | D:11     | Noticed a white ugly thing
  8983 | D:11     | Killed a white ugly thing
  9042 | D:11     | Noticed a two-headed ogre
  9050 | D:11     | Killed a two-headed ogre
  9618 | D:11     | Noticed Yehuk's ghost (journeyman GrFi)
 10576 | D:12     | Noticed a red ugly thing
 10582 | D:12     | Killed a red ugly thing
 10583 | D:12     | Gained mutation: When seriously injured, your blood forms
                  | thick armour. (AC +0) [demonic ancestry]
 10583 | D:12     | Reached XP level 12. HP: 63/102 MP: 12/12
 12629 | D:13     | Noticed a death knight
 13024 | Orc:1    | Entered Level 1 of the Orcish Mines
 13080 | Orc:2    | Entered Level 2 of the Orcish Mines
 13157 | Orc:2    | Noticed an orc high priest
 13164 | Orc:2    | Noticed an orc high priest
 13166 | Orc:2    | Noticed an orc high priest
 13389 | Orc:2    | Killed an orc high priest
 13391 | Orc:2    | Killed an orc high priest
 13798 | Orc:1    | Killed an orc high priest
 13937 | Orc:2    | Noticed an orc warlord
 14066 | Orc:2    | Killed an orc warlord
 14400 | Orc:2    | Gained mutation: You regenerate health from kills. [demonic
                  | ancestry]
 14400 | Orc:2    | Reached XP level 13. HP: 68/112 MP: 13/13
 14546 | Orc:2    | Found Poruyn's General Store.
 14547 | Orc:2    | Found Pameuc's Jewellery Boutique.
 14549 | Orc:2    | Found Ytigeib's Antique Armour Boutique.
 14549 | Orc:2    | Found Oduits's Antique Weapon Shop.
 14564 | Orc:2    | Bought a potion of heal wounds for 75 gold pieces
 14564 | Orc:2    | Bought a scroll of identify for 30 gold pieces
 14564 | Orc:2    | Bought a scroll of identify for 30 gold pieces
 14566 | Orc:2    | Bought an amulet of reflection for 390 gold pieces
 14627 | Orc:2    | Noticed an ettin
 14637 | Orc:2    | Killed an ettin
 15003 | Orc:2    | Noticed an orc warlord
 15035 | Orc:2    | Killed an orc warlord
 15281 | Orc:2    | Found a staircase to the Elven Halls.
 15645 | Orc:1    | Noticed Snorg
 15645 | Orc:1    | Found a transporter.
 15650 | Orc:1    | Noticed Urug
 15652 | Orc:1    | Killed Snorg
 15653 | Orc:1    | Found a transporter.
 15670 | Orc:1    | Killed Urug
 15691 | Orc:1    | Noticed blexxed's ghost (journeyman DsFi)
 15693 | Orc:1    | Found a bloodstained altar of Trog.
 15693 | Orc:1    | Noticed a stone giant
 16669 | D:14     | Reached skill level 15 in Fighting
 16682 | D:14     | Reached skill level 10 in Armour
 17232 | D:14     | Reached XP level 14. HP: 123/123 MP: 14/14
 17385 | D:14     | Found a gate to the Vaults.
 17389 | D:14     | Noticed an ironbound preserver
 17396 | D:14     | Killed an ironbound preserver
 17446 | D:14     | Found Cerin's Book Emporium.
 17686 | D:15     | Entered Level 15 of the Dungeon
 17715 | D:15     | Found a transporter.
 17719 | D:15     | Noticed Waecyras's ghost (adept KoGl)
 17960 | D:15     | Found a staircase to the Depths.
 18195 | D:15     | Bought the ring of Cofauzos {rN+ Str+3 Dex+4 SInv} for 695
                  | gold pieces
 18840 | D:15     | Identified the +0 pair of gloves "Yxkitt" {Fly Str+2}
 18976 | D:15     | Found a transporter.
 19143 | Lair:1   | Entered Level 1 of the Lair of Beasts
 19308 | Lair:1   | Identified the +0 leather armour of the Gravedigger {Int+8}
 19385 | Lair:1   | Reached skill level 15 in Axes
 19668 | Lair:1   | Identified the +4 robe of the Barracuda {Will+ Regen+
                  | Int-3}
 20953 | Lair:3   | Found a staircase to the Shoals.
 21243 | Lair:3   | Reached XP level 15. HP: 101/133 MP: 15/15
 21529 | Lair:3   | Found a staircase to the Snake Pit.
 22056 | Lair:4   | Found a viscous altar of Jiyva.
 22056 | Lair:4   | Found a staircase to the Slime Pits.
 22747 | Lair:5   | Entered Level 5 of the Lair of Beasts
 23358 | Lair:5   | Identified a scroll of acquirement
 23359 | Lair:5   | Acquired 854 gold pieces
 23424 | Lair:5   | Bought the +5 storm dragon scales "Bietyuno" {^Drain rElec
                  | rPois rF++} for 1307 gold pieces
 23424 | Lair:5   | Bought 2 scrolls of identify for 44 gold pieces
 24223 | Snake:1  | Entered Level 1 of the Snake Pit
 24285 | Snake:1  | Noticed a nagaraja
 24296 | Snake:1  | Killed a nagaraja
 24603 | Snake:1  | Found Alunn's Magic Scroll Shop.
 24606 | Snake:1  | Bought a scroll of acquirement for 936 gold pieces
 24606 | Snake:1  | Acquired 923 gold pieces
 24643 | Snake:1  | Bought a scroll of fear for 72 gold pieces
 24643 | Snake:1  | Bought a scroll of revelation for 135 gold pieces
 24643 | Snake:1  | Bought a scroll of identify for 36 gold pieces
 24643 | Snake:1  | Bought a scroll of identify for 36 gold pieces
 25475 | Snake:2  | Gained mutation: Your touch may irresistibly damage your
                  | foes and sap their willpower. [demonic ancestry]
 25475 | Snake:2  | Reached XP level 16. HP: 123/143 MP: 16/16
 25668 | Snake:2  | Found Jyes's Magic Scroll Emporium.
 25703 | Snake:2  | Bought a scroll of brand weapon for 123 gold pieces
 25703 | Snake:2  | Bought a scroll of identify for 26 gold pieces
 25703 | Snake:2  | Bought a scroll of teleportation for 39 gold pieces
 25703 | Snake:2  | Bought a scroll of identify for 26 gold pieces
 25703 | Snake:2  | Bought a scroll of identify for 26 gold pieces
 25703 | Snake:2  | Bought a scroll of identify for 26 gold pieces
 25703 | Snake:2  | Bought a scroll of teleportation for 39 gold pieces
 25772 | Snake:2  | Paralysed by a naga mage for 2 turns
 25841 | Snake:2  | You fall into a shaft and drop 1 floor!
 25889 | Snake:4  | Entered Level 4 of the Snake Pit
 26028 | Snake:4  | Found Ukegaufu's Distillery.
 26051 | Snake:4  | Found Gitymp's Jewellery Boutique.
 26137 | Snake:4  | HP: 1/146 [naga mage/+5 halberd (19)]
 26406 | Snake:4  | Gained mutation: You regenerate a lot of health from kills.
                  | [demonic ancestry]
 26406 | Snake:4  | Reached XP level 17. HP: 137/153 MP: 17/17
 26465 | Snake:4  | Got a jade gem with 264 turns to spare
 26467 | Snake:4  | Got a serpentine rune of Zot
 26820 | Snake:4  | Got the Atlas of Nonlocality
 28653 | Snake:2  | Bought the amulet of Truth {Spirit rF+ Regen+ Str+8 Dex-3}
                  | for 654 gold pieces
 29063 | Shoals:1 | Entered Level 1 of the Shoals
 29293 | Shoals:1 | Identified the +8 falchion of the Eternal Warrior {spect,
                  | rF+}
 29343 | Shoals:1 | Identified the +8 short sword of the Mauling Visionary
                  | {heavy, Dex+2}
 29362 | Shoals:1 | Identified the +7 quarterstaff "Kanylo" {flame, Fly rC+
                  | Will+}
 29950 | Vaults:1 | Entered Level 1 of the Vaults
 30318 | Vaults:1 | Identified the serpent talisman of the Onion {rF+ Slay+3}
 30318 | Vaults:1 | Noticed Aizul
 30329 | Vaults:1 | Killed Aizul
 30513 | Vaults:1 | Reached XP level 18. HP: 164/164 MP: 18/18
 30948 | Vaults:1 | Found Puhutior's Armour Emporium.
 31993 | Vaults:2 | Identified the orb of Jigsaw {light, rF+ Str+2 Hexes}
 31993 | Vaults:2 | Noticed Frederick
 32018 | Vaults:2 | Killed Frederick
 32570 | Vaults:2 | Noticed Donald
 32577 | Vaults:2 | Noticed Xtahua
 32578 | Vaults:2 | Killed Donald
 32590 | Vaults:2 | Killed Xtahua
 32591 | Vaults:2 | Reached XP level 19. HP: 96/174 MP: 8/19
 32963 | Vaults:3 | Reached skill level 1 in Shapeshifting
 33119 | Vaults:3 | Noticed Asterion
 33134 | Vaults:3 | Killed Asterion
 33163 | Vaults:3 | Reached skill level 5 in Shapeshifting
 33896 | Vaults:3 | Found a staircase to the Crypt.
 34404 | Vaults:4 | Found Anytail's Assorted Antiques.
 35228 | Vaults:4 | Reached skill level 10 in Shapeshifting
 35442 | Vaults:4 | Paralysed by a formless jellyfish for 1 turns
 35584 | Vaults:4 | Reached XP level 20. HP: 182/182 MP: 20/20
 36134 | Shoals:2 | Found a runed translucent door.
 36135 | Shoals:2 | Noticed Reshaum's ghost (adept GrFi)
 36801 | Shoals:2 | Killed Reshaum's ghost
 37314 | Elf:1    | Entered Level 1 of the Elven Halls
 37406 | Elf:1    | Noticed Frances
 37410 | Elf:1    | Identified the +1 leather armour "Wucituma" {+Inv rElec
                  | Will+}
 37419 | Elf:1    | Killed Frances
 37484 | Elf:1    | Found Liakat's General Store.
 37524 | Elf:2    | Found a runed translucent gate.
 37529 | Elf:3    | Entered Level 3 of the Elven Halls
 37753 | Abyss:2  | Cast into level 2 of the Abyss (a deep elf sorcerer)
 37771 | Abyss:2  | Found a corrupted altar of Lugonu.
 37776 | Abyss:2  | Found a corrupted altar of Lugonu.
 38279 | Elf:3    | Escaped the Abyss
 38390 | Abyss:2  | Cast into level 2 of the Abyss (a deep elf demonologist)
 38406 | Abyss:2  | Found a corrupted altar of Lugonu.
 38627 | Abyss:3  | Noticed a bone dragon
 38630 | Elf:3    | Escaped the Abyss
 38666 | Elf:3    | Identified the +9 scimitar "Newtslayer" {distort, Fly Str+3
                  | Int+2}
 38679 | Abyss:3  | Cast into level 3 of the Abyss (a deep elf sorcerer)
 38714 | Elf:3    | Escaped the Abyss
 38722 | Elf:3    | Identified the +11 mace "Piudeor" {freeze, rPois}
 38722 | Elf:3    | Identified the +9 quarterstaff "Owidasig" {venom, Fly rPois
                  | rC+}
 38731 | Elf:3    | Identified the +6 great sword "Baara" {spect, rElec Dex+2}
 38731 | Elf:3    | Identified the +3 leather armour of Immorality {Will+}
 38753 | Elf:3    | Gained mutation: Your presence sometimes corrodes those you
                  | injure. [demonic ancestry]
 38753 | Elf:3    | Reached XP level 21. HP: 185/188 MP: 7/21
 38880 | Elf:3    | Found the sphere of Battle
 38881 | Elf:3    | Got a shimmering gem with 1120 turns to spare
 38892 | Elf:3    | Identified the staff "Ipeuhin" {rN+ rCorr Str-2 Int+2 Dex+3
                  | Necro}
 38911 | Elf:3    | Got Sif Muna's Almanac of Frost and Adjuration
 38985 | Elf:3    | Got Iqikkeor's Folio of Angles
 38989 | Elf:3    | Identified the +8 flail of the Pure Ghosts {freeze, Dex+4}
 39129 | Elf:3    | Found Jiotrit's Antique Weapon Emporium.
 39407 | Elf:3    | Acquired 1026 gold pieces
 39458 | Elf:2    | Found a runed translucent gate.
 39459 | Elf:2    | Found a runed translucent gate.
 39461 | Elf:2    | Noticed dakkaduck's ghost (journeyman MiBe)
 39465 | Elf:2    | Reached skill level 15 in Shapeshifting
 39490 | Elf:2    | Killed dakkaduck's ghost
 39766 | Elf:2    | Found Kuetera's Assorted Antiques.
 39826 | Elf:2    | Found Hutoc's Magic Scroll Shoppe.
 39835 | Elf:2    | Bought a scroll of blinking for 127 gold pieces
 39835 | Elf:2    | Bought a scroll of acquirement for 884 gold pieces
 39835 | Elf:2    | Bought a scroll of blinking for 127 gold pieces
 39890 | Elf:2    | Found Acwyifac's Armour Shoppe.
 39982 | Elf:2    | Found Deis's Book Boutique.
 40004 | Elf:2    | Found Dolufur's Antique Weapon Emporium.
 40387 | Elf:2    | Found a runed translucent gate.
 40388 | Elf:2    | Found a runed translucent gate.
 40388 | Elf:2    | Found a runed translucent gate.
 40762 | Elf:2    | Acquired 919 gold pieces
 40855 | Elf:3    | Bought the amulet of the Duke {Reflect +Blink Fly Str+2
                  | SH+5} for 1106 gold pieces
 41141 | Elf:1    | Got Kikubaaqudgha's Papyrus of Shadows
 41195 | Elf:1    | Identified the +2 leather armour "Kellawam" {Int+4}
 41260 | Elf:1    | Got Sif Muna's Directory of Gathered Violence
 43264 | Shoals:4 | Entered Level 4 of the Shoals
 43405 | Shoals:4 | Identified the +5 morningstar of Prudence {freeze, *Slow
                  | rElec rF- rC+++}
 43746 | Shoals:4 | Noticed Ilsuiw
 43757 | Shoals:4 | Killed Ilsuiw
 44228 | Shoals:4 | Noticed Polyphemus
 44245 | Shoals:4 | Killed Polyphemus
 44249 | Shoals:4 | Gained mutation: Your presence sometimes corrodes or
                  | deforms those you injure. [demonic ancestry]
 44249 | Shoals:4 | Reached XP level 22. HP: 190/196 MP: 22/22
 44366 | Shoals:4 | Identified the amulet of Xom's Sleight of Hands {RegenMP
                  | +Inv rC+ Str-5 Int+3}
 44670 | Shoals:4 | Got a barnacled rune of Zot
 45126 | Depths:1 | Entered Level 1 of the Depths
 45648 | Snake:4  | Bought a storm talisman for 1600 gold pieces
 46203 | Depths:1 | Found a gateway to Hell.
 46586 | Depths:1 | Found a bloodstained altar of Trog.
 46775 | Depths:2 | Found a one-way gateway to a ziggurat.
 47002 | Depths:2 | Identified the ring "Asiecer" {Ice Fly MP-9 Slay+3}
 47002 | Depths:2 | Noticed Josephina
 47024 | Depths:2 | Killed Josephina
 47953 | Depths:2 | Found a burning altar of Makhleb.
 48256 | Depths:2 | Found a one-way gate leading to the halls of Pandemonium.
 48484 | Depths:2 | Identified the +0 ring mail "Uqest" {MP+9 Dex+4}
 48913 | Depths:3 | Found a one-way gate to the infinite horrors of the Abyss.
 49526 | Vaults:5 | Entered Level 5 of the Vaults
 49562 | Vaults:5 | Reached XP level 23. HP: 199/202 MP: 23/23
 49627 | Vaults:5 | Noticed a dread lich
 49636 | Vaults:5 | Noticed a dread lich
 49642 | Vaults:5 | Killed a dread lich
 49662 | Vaults:5 | Identified the ring "Xennezan" {rF+ rC- Will+ Dex+6 Slay+5}
 49799 | Vaults:5 | Identified the staff "Qynin" {rElec rC+ Int+2 Stlth- Air
                  | Earth}
 49820 | Vaults:5 | Identified the +7 mace of the Swamp {venom, rPois SInv}
 50105 | Abyss:3  | Cast into level 3 of the Abyss (a deep elf demonologist)
 50324 | Vaults:5 | Escaped the Abyss
 50475 | Vaults:5 | Killed a dread lich
 50630 | Vaults:5 | Got a silver rune of Zot
 50682 | Vaults:5 | Identified the +7 chain mail of the Armoured One {MP+9}
 50833 | Vaults:5 | Identified the +0 chain mail of Charity {+Inv}
 51128 | Vaults:5 | Reached XP level 24. HP: 210/210 MP: 23/23
 51209 | Vaults:5 | Acquired a manual of Dodging
 51244 | Vaults:5 | Bought a polished hat for 225 gold pieces
 51244 | Vaults:5 | Identified the +0 hat "Buip" {Int+3} (You bought it in a
                  | shop on level 5 of the Vaults)
 51244 | Vaults:5 | Bought a scroll of butterflies for 100 gold pieces
 51479 | Depths:3 | Found Xinuygue's Book Boutique.
 51549 | Depths:3 | Reached skill level 1 in Evocations
 51731 | Depths:4 | Entered Level 4 of the Depths
 51838 | Depths:4 | Noticed a juggernaut
 51850 | Depths:4 | Killed a juggernaut
 51928 | Depths:4 | Found a gate to the Realm of Zot.
 52046 | Depths:4 | Reached skill level 10 in Dodging
 52836 | Crypt:1  | Entered Level 1 of the Crypt
 53027 | Crypt:1  | Found a shimmering blue altar of Sif Muna.
 53031 | Crypt:1  | Got the Compilation of the Anticline
 53198 | Crypt:1  | Found a transporter.
 53228 | Crypt:1  | Found a transporter.
 53773 | Crypt:1  | Found a runed translucent door.
 53774 | Crypt:1  | Noticed Heot Zafel's ghost (veteran MiGl)
 53842 | Crypt:1  | Killed Heot Zafel's ghost
 54028 | Crypt:2  | Reached skill level 5 in Evocations
 54085 | Crypt:3  | Entered Level 3 of the Crypt
 54262 | Crypt:3  | Noticed a dread lich
 54263 | Crypt:3  | Paralysed by a dread lich for 3 turns
 54272 | Crypt:3  | Killed a dread lich
 54281 | Crypt:3  | Got an ivory gem with 441 turns to spare
 54290 | Crypt:3  | Identified the ring of Xom's Generosity {Ice Int+4}
 54421 | Crypt:3  | Gained mutation: When seriously injured, your blood forms
                  | very thick armour. (AC +0) [demonic ancestry]
 54421 | Crypt:3  | Reached XP level 25. HP: 201/221 MP: 23/23
 54461 | Crypt:3  | Identified the +7 spear of Wrath {freeze, Dex+3}
 54465 | Crypt:3  | Got the Codex of Blasphemous Magicks
 54932 | Crypt:3  | Found a staircase to the Tomb.
 55750 | Crypt:3  | Identified the ring "Tubbun" {+Blink rC+ Int+3}
 55791 | Crypt:3  | Identified the staff of Spite {rPois rCorr Alchemy}
 55968 | Crypt:3  | Gained mutation: You expend magic power (3 MP) to
                  | strengthen your wands. [potion of mutation]
 55968 | Crypt:3  | Gained mutation: You have hidden genetic potential. [potion
                  | of mutation]
 56931 | Slime:1  | Entered Level 1 of the Pits of Slime
 57801 | Slime:5  | Entered Level 5 of the Pits of Slime
 57893 | Slime:5  | Noticed the Royal Jelly
 57915 | Slime:5  | Killed the Royal Jelly
 57960 | Slime:5  | Reached skill level 15 in Armour
 58018 | Slime:5  | Got the Almanac of the Gelid Mantle
 58039 | Slime:5  | Identified the ring of Plog {rElec rN+ Will- Str+3 SInv}
 58041 | Slime:5  | Identified the ring of Seajase {Wiz *Corrode ^Drain rElec
                  | Int+5}
 58057 | Slime:5  | Identified the +1 pair of gloves of Hapuegg {Str+3}
 58119 | Slime:5  | Identified the +4 spear of the End of Times {speed, rElec
                  | Will- Dex+2}
 58135 | Slime:5  | Got a slimy rune of Zot
 58145 | Slime:5  | Got a starry gem with 97 turns to spare
 58146 | Slime:5  | Identified the +1 robe of Omission {Stlth+ Archmagi}
 58154 | Slime:5  | Identified the +2 robe of Protective Custody {rC++ Slay+3}
 58157 | Slime:5  | Identified the +7 glaive "Tormentor" {freeze, *Slow rElec
                  | rPois Str+3}
 58170 | Slime:5  | Identified the +2 helmet of the Furies {Int-2 Slay+5}
 58171 | Slime:5  | Identified the amulet "Kuhaituv" {RegenMP rC+ rN+}
 58264 | Slime:5  | Identified the +2 triple sword "Sakos" {heavy, rElec rF+
                  | Str+2 Int-5}
 58271 | Slime:5  | Identified the ring of Wirethra {rElec AC+4 Str+3}
 58323 | Slime:5  | Reached skill level 15 in Dodging
 60207 | D:11     | Killed Yehuk's ghost
 60403 | D:4      | Killed Skimidon's ghost
 60694 | Orc:1    | Killed blexxed's ghost
 61014 | D:15     | Killed Waecyras's ghost
 61601 | Zot:1    | Entered Level 1 of the Realm of Zot
 61628 | Zot:1    | Gained mutation: You can speak a Word of Chaos. [demonic
                  | ancestry]
 61628 | Zot:1    | Reached XP level 26. HP: 188/231 MP: 15/23
 61791 | Zot:1    | Gained mutation: Your spells are a little easier to cast,
                  | but a little less powerful. [mutagenic glow]
 61811 | Zot:1    | Gained mutation: You do not regenerate when monsters are
                  | visible. [mutagenic glow]
 61823 | Zot:1    | Gained mutation: Your spells are easier to cast, but less
                  | powerful. [mutagenic glow]
 61959 | Depths:4 | Lost mutation: You do not regenerate when monsters are
                  | visible. [potion of mutation]
 61959 | Depths:4 | Lost mutation: You expend magic power (3 MP) to strengthen
                  | your wands. [potion of mutation]
 61959 | Depths:4 | Gained mutation: You sometimes lose your temper in combat.
                  | [potion of mutation]
 61959 | Depths:4 | Gained mutation: You have large cloven feet. [potion of
                  | mutation]
 61960 | Depths:4 | Lost mutation: You sometimes lose your temper in combat.
                  | [potion of mutation]
 61960 | Depths:4 | Lost mutation: Your spells are easier to cast, but less
                  | powerful. [potion of mutation]
 61960 | Depths:4 | Lost mutation: You have large cloven feet. [potion of
                  | mutation]
 61960 | Depths:4 | Gained mutation: You have great hidden genetic potential.
                  | [potion of mutation]
 61960 | Depths:4 | Gained mutation: You are robust. (+10% HP) [potion of
                  | mutation]
 61960 | Depths:4 | Gained mutation: You are partially covered in large bone
                  | plates. (SH +4) [potion of mutation]
 61960 | Depths:4 | Gained mutation: Your muscles are strong. (Str +4, Int/Dex
                  | -1) [potion of mutation]
 61991 | Hell     | Entered the Vestibule of Hell
 62010 | Hell     | Noticed Geryon
 62032 | Hell     | Gained mutation: Your flesh is cold resistant. (rC+)
                  | [hidden potential]
 62041 | Hell     | Killed Geryon
 62260 | Hell     | Found a gateway to the freezing wastes of Cocytus.
 62421 | Hell     | Found a gateway to the decaying netherworld of Tartarus.
 62469 | Hell     | Found a gateway to the ashen valley of Gehenna.
 62565 | Hell     | Found a gateway to the Iron City of Dis.
 63699 | Depths:3 | Voluntarily entered the Abyss.
 63841 | Depths:3 | Escaped the Abyss
 64129 | Depths:3 | Bought a pitted plate armour for 1344 gold pieces
 64129 | Depths:3 | Identified the +8 plate armour "Mashio" {Int+3 Dex+3} (You
                  | bought it in a shop on level 3 of the Depths)
 64131 | Depths:3 | Voluntarily entered the Abyss.
 64148 | Abyss:3  | Found a corrupted altar of Lugonu.
 64152 | Abyss:3  | Found a corrupted altar of Lugonu.
 64328 | Abyss:3  | Got an abyssal rune of Zot
 64367 | Depths:3 | Escaped the Abyss
 65517 | Zot:2    | Noticed an orb of fire
 65517 | Zot:2    | Identified the +3 shortbow of the Vulture {heavy, ^Drain
                  | rC+ rN+++ Stlth+}
 65534 | Zot:2    | Killed an orb of fire
 65535 | Zot:2    | Reached XP level 27. HP: 211/266 MP: 7/23
 65835 | Zot:2    | You are sucked into a shaft and drop 2 floors!
 65835 | Zot:4    | Noticed Parghit
 65851 | Zot:4    | Killed Parghit
 65852 | Zot:4    | Reached skill level 10 in Evocations
 67987 | Zot:4    | Identified the +1 leather armour of Words of Power {rN+
                  | Str+6}
 68344 | Zot:4    | Identified the +0 ring mail "Ehoikeaxu" {*Corrode +Inv
                  | rPois Stlth+}
 68623 | Zot:5    | Entered Level 5 of the Realm of Zot
 68919 | Zot:5    | Identified the +1 ice dragon scales of Apathy {Harm rF-
                  | rC++ Will+}
 69060 | Zot:5    | Noticed an orb of fire
 69064 | Zot:5    | Noticed an orb of fire
 69067 | Zot:5    | Killed an orb of fire
 69072 | Zot:5    | Killed an orb of fire
 69082 | Zot:5    | Noticed an orb of fire
 69097 | Zot:5    | Killed an orb of fire
 69103 | Zot:5    | Noticed a dread lich
 69106 | Zot:5    | Noticed a dread lich
 69109 | Zot:5    | Noticed a dread lich
 69116 | Zot:5    | Killed a dread lich
 69117 | Zot:5    | Killed a dread lich
 69122 | Zot:5    | Killed a dread lich
 69597 | Pan      | Entered Pandemonium
 69838 | Pan      | Found an exit through the horrors of the Abyss.
 70103 | Pan      | Noticed Duppen the pandemonium lord
 70114 | Pan      | Killed Duppen the pandemonium lord
 70115 | Pan      | Reached skill level 27 in Fighting
 70393 | Depths:4 | Escaped Pandemonium
 70396 | Depths:4 | Bought the ring of Idofes {Int+3 Dex+6 SInv} for 963 gold
                  | pieces
 70403 | Pan      | Entered Pandemonium
 70421 | Pan      | Found an exit through the horrors of the Abyss.
 71344 | Pan      | Noticed Nalyr the pandemonium lord
 71592 | Pan      | Killed Nalyr the pandemonium lord
 71639 | Pan      | Got a demonic rune of Zot
 72034 | Pan      | Noticed Miheib the pandemonium lord
 72043 | Pan      | Killed Miheib the pandemonium lord
 73127 | Pan      | Reached skill level 27 in Axes
 73195 | Pan      | Noticed Yvynog the pandemonium lord
 73206 | Pan      | Killed Yvynog the pandemonium lord
 73233 | Pan      | Identified the +9 flail of Hell's Wrath {heavy, rN+ Str+3
                  | Dex+3}
 73377 | Pan      | Noticed Movoax the pandemonium lord
 73388 | Pan      | Killed Movoax the pandemonium lord
 73694 | Pan      | Reached skill level 15 in Evocations
 74369 | Pan      | Noticed New Ygan the pandemonium lord
 74376 | Pan      | Killed New Ygan the pandemonium lord
 75304 | Pan      | Identified the +0 robe "Jafuoqal" {Rampage rCorr Str+3}
 75387 | Pan      | Noticed Ufomergho the pandemonium lord
 75398 | Pan      | Killed Ufomergho the pandemonium lord
 75492 | Pan      | Identified the +4 ring mail "Miwnisk" {rN+}
 76082 | Pan      | Entered the realm of Cerebov.
 76626 | Pan      | Identified the +1 ring mail of Zogoth {Int+3}
 76688 | Pan      | Identified the ring of Descent {rN+ Str+4}
 76789 | Pan      | Identified the +0 plate armour of Eternity {rPois Int-4
                  | Dex+6 SInv}
 76798 | Pan      | Identified the ring of Okawaru's Favour {rF+ rN+ rCorr MP+9
                  | Slay+3}
 76831 | Pan      | Found the +6 sword of Cerebov {flame}
 76831 | Pan      | Noticed Cerebov
 76851 | Pan      | Killed Cerebov
 77086 | Pan      | Got a fiery rune of Zot
 77125 | Pan      | Noticed Mennas
 77134 | Pan      | Killed Mennas
 77203 | Pan      | Reached skill level 1 in Stealth
 77367 | Pan      | Found an exit through the horrors of the Abyss.
 77368 | Pan      | Noticed Rouhawam the pandemonium lord
 77376 | Pan      | Killed Rouhawam the pandemonium lord
 77829 | Depths:4 | Escaped Pandemonium
 77834 | Pan      | Entered Pandemonium
 78139 | Pan      | Acquired the +2 pair of boots of Dodeex Ciwn {rElec rN+
                  | Stlth-}
 78755 | Pan      | Noticed Juecut the pandemonium lord
 78762 | Pan      | Killed Juecut the pandemonium lord
 79267 | Pan      | Found an exit through the horrors of the Abyss.
 79294 | Pan      | Noticed Jigatus the pandemonium lord
 79306 | Pan      | Reached skill level 5 in Stealth
 79307 | Pan      | Killed Jigatus the pandemonium lord
 80451 | Depths:4 | Escaped Pandemonium
 80454 | Depths:4 | Bought a polished plate armour for 1064 gold pieces
 80454 | Depths:4 | Identified the +5 plate armour of the Moon {rF++ Int+3}
                  | (You bought it in a shop on level 4 of the Depths)
 80456 | Pan      | Entered Pandemonium
 80765 | Pan      | Found an exit through the horrors of the Abyss.
 80989 | Pan      | Noticed Joatamym the pandemonium lord
 81011 | Pan      | Killed Joatamym the pandemonium lord
 81665 | Pan      | Noticed Acoduzed the pandemonium lord
 81673 | Pan      | Killed Acoduzed the pandemonium lord
 81868 | Abyss:4  | Cast into level 4 of the Abyss (+3 lajatang of distortion)
 81869 | Abyss:4  | Found a corrupted altar of Lugonu.
 81877 | Pan      | Escaped the Abyss
 82490 | Pan      | Found an exit through the horrors of the Abyss.
 82677 | Pan      | Noticed Midwemopp the pandemonium lord
 82687 | Pan      | Killed Midwemopp the pandemonium lord
 83147 | Pan      | Entered the realm of Mnoleg.
 83337 | Pan      | Noticed Mnoleg
 83359 | Pan      | Killed Mnoleg
 84015 | Pan      | Got a glowing rune of Zot
 84305 | Pan      | Found an exit through the horrors of the Abyss.
 84409 | Pan      | Got the Teachings on the Deep Freeze and Fever
 84585 | Pan      | Entered the realm of Lom Lobon.
 85387 | Pan      | Noticed Lom Lobon
 85721 | Pan      | Killed Lom Lobon
 86021 | Pan      | Got a magical rune of Zot
 86416 | Pan      | Identified the +7 arbalest of Trauma {drain, Int+10 Stlth-}
 86601 | Pan      | Noticed Soesof the pandemonium lord
 86609 | Pan      | Identified the +7 trident of Poab {pain, rElec rF+ Str-2
                  | Stlth+}
 86609 | Pan      | Identified the +3 scale mail "Koxepny" {-Tele rCorr Str+10
                  | Slay+2}
 86612 | Pan      | Killed Soesof the pandemonium lord
 87967 | Pan      | Identified the +6 scale mail of Xom {Will++ Dex-5}
 88276 | Pan      | Reached skill level 10 in Stealth
 88672 | Depths:4 | Escaped Pandemonium
 88679 | Pan      | Entered the realm of Gloorx Vloq.
 88679 | Pan      | Entered Pandemonium
 88762 | Pan      | Found an exit through the horrors of the Abyss.
 89134 | Pan      | Noticed Gloorx Vloq
 89153 | Pan      | Killed Gloorx Vloq
 89234 | Pan      | Got a dark rune of Zot
 89678 | Pan      | Identified the serpent talisman of the Centaur {rN+ Int+3}
 90019 | Pan      | Noticed Kont the pandemonium lord
 90035 | Pan      | Killed Kont the pandemonium lord
 90436 | Pan      | Found an exit through the horrors of the Abyss.
 90659 | Pan      | Took an exit into the Abyss.
 90659 | Abyss:4  | Escaped into the Abyss
 90730 | Abyss:4  | Noticed a dread lich
 90736 | Abyss:4  | Killed a dread lich
 91077 | Depths:4 | Escaped the Abyss
 91169 | Tar:1    | Entered Level 1 of Tartarus
 92285 | Tar:5    | You are sucked into a shaft and drop 1 floor!
 92525 | Tar:7    | Entered Level 7 of Tartarus
 92779 | Tar:7    | Noticed an ancient lich
 92781 | Tar:7    | Noticed an ancient lich
 92785 | Tar:7    | Killed an ancient lich
 92789 | Tar:7    | Killed an ancient lich
 92805 | Tar:7    | Identified the ring "Ruraod" {rC+ MP+9}
 92913 | Tar:7    | Identified the scarf "Zosam" {shadows, Harm ^Drain rC++
                  | rN+}
 92972 | Tar:7    | Noticed Ereshkigal
 92985 | Tar:7    | Killed Ereshkigal
 93240 | Tar:7    | Noticed a dread lich
 93241 | Tar:7    | Noticed an ancient lich
 93246 | Tar:7    | Killed a dread lich
 93250 | Tar:7    | Killed an ancient lich
 93881 | Tar:7    | Identified the +5 chain mail of Jaagyisu {Str+5}
 93906 | Tar:7    | Got a bone rune of Zot
 93999 | Coc:1    | Entered Level 1 of Cocytus
 94479 | Coc:5    | Paralysed by a wendigo for 1 turns
 95062 | Coc:7    | Entered Level 7 of Cocytus
 95495 | Coc:7    | Paralysed by a wendigo for 1 turns
 95512 | Coc:7    | Noticed a dread lich
 95523 | Coc:7    | Killed a dread lich
 95565 | Coc:7    | Paralysed by a wendigo for 1 turns
 96208 | Coc:7    | Identified the +9 giant spiked club of Chance {venom, rN+
                  | Str+3 Int+2}
 96209 | Coc:7    | Noticed Antaeus
 96220 | Coc:7    | Killed Antaeus
 96221 | Coc:7    | Reached skill level 27 in Armour
 96222 | Coc:7    | Got an icy rune of Zot
 96235 | Coc:7    | Identified the staff "Loopy" {rPois Int+3 Alchemy}
 96239 | Coc:7    | Identified the +5 chain mail "Tosotui" {Will+}
 96251 | Coc:7    | Identified the +6 sling of the Shimmering Blowfly {flame,
                  | +Blink Will++ rCorr SInv}
 96418 | Coc:7    | Identified the staff of the Narrow God {rElec rN+ Dex+4
                  | Hexes Air}
 96623 | Geh:1    | Entered Level 1 of Gehenna
 96669 | Geh:1    | Reached skill level 15 in Stealth
 96725 | Geh:1    | You are sucked into a shaft and drop 1 floor!
 97903 | Geh:5    | Reached skill level 27 in Evocations
 98003 | Geh:7    | Entered Level 7 of Gehenna
 98361 | Geh:7    | Noticed the Serpent of Hell
 98373 | Geh:7    | Killed the Serpent of Hell
 98721 | Geh:7    | Identified the amulet "Gemuir" {Reflect Regen+ Int-5 Slay+5
                  | SH+5}
 98811 | Geh:7    | Found the +13 sceptre of Asmodeus
 98811 | Geh:7    | Noticed Asmodeus
 98828 | Geh:7    | Killed Asmodeus
 98834 | Geh:7    | Got an obsidian rune of Zot
 99053 | Dis:1    | Entered Level 1 of the Iron City of Dis
 99375 | Dis:3    | Noticed a dread lich
 99576 | Dis:3    | Killed a dread lich
 99795 | Dis:5    | Noticed a dread lich
 99798 | Dis:5    | Killed a dread lich
 99902 | Dis:7    | Entered Level 7 of the Iron City of Dis
100163 | Dis:7    | Noticed a juggernaut
100174 | Dis:7    | Noticed a juggernaut
100175 | Dis:7    | Killed a juggernaut
100182 | Dis:7    | Killed a juggernaut
100816 | Dis:7    | Noticed a dread lich
100830 | Dis:7    | Killed a dread lich
101065 | Dis:7    | Identified the ring "Apizxos" {Ice Dex+2 Stlth+}
101675 | Dis:7    | Noticed a juggernaut
101683 | Dis:7    | Killed a juggernaut
101765 | Dis:7    | Noticed Dispater
101794 | Dis:7    | Killed Dispater
101808 | Dis:7    | Got an iron rune of Zot
102410 | Hell     | Bought the ring "Withra Nalu" {Fly rC+ Int+5} for 714 gold
                  | pieces
102767 | Hell     | Bought a +2 helmet of see invisible for 258 gold pieces
103070 | Snake:1  | Bought a scroll of enchant armour for 135 gold pieces
103339 | Depths:3 | Voluntarily entered the Abyss.
103506 | Depths:3 | Escaped the Abyss
103563 | Pan      | Entered Pandemonium
105018 | Pan      | Identified the +8 arbalest of Mourning {freeze, rPois Dex+3
                  | Stlth+}
105018 | Pan      | Identified the +5 chain mail of Hedonism {rElec Str+5 Int-3
                  | Dex+2}
105018 | Pan      | Identified the amulet of Togherem {Faith Rampage +Blink}
105043 | Pan      | Identified the +4 chain mail of Amorality {rN+++ Dex-5
                  | Slay+3}
105043 | Pan      | Noticed a seraph
105055 | Pan      | Killed a seraph
105193 | Pan      | Identified the +3 ring mail of Xeri {rElec Will++}
105830 | Pan      | Found an exit through the horrors of the Abyss.
105929 | Pan      | Reached skill level 27 in Dodging
106190 | Pan      | Noticed Ehezyon the pandemonium lord
106213 | Pan      | Killed Ehezyon the pandemonium lord
106502 | Pan      | Identified the +4 ring mail of Amelanas {rC+ rCorr Str-3}
106802 | Pan      | Identified the +0 chain mail of Ecoirog {Fly rF- Regen+}
106822 | Pan      | Found an exit through the horrors of the Abyss.
106883 | Pan      | Noticed Lemif the pandemonium lord
106905 | Pan      | Killed Lemif the pandemonium lord
107494 | Pan      | Noticed Odwa the pandemonium lord
107506 | Pan      | Killed Odwa the pandemonium lord
107599 | Pan      | Identified the +1 orcbow "Leviticus" {heavy, rF+ Str+3
                  | Int+4}
107746 | Pan      | Found an exit through the horrors of the Abyss.
108169 | Pan      | Took an exit into the Abyss.
108169 | Abyss:4  | Escaped into the Abyss
108169 | Abyss:4  | Found a corrupted altar of Lugonu.
108284 | Depths:2 | Escaped the Abyss
108338 | Zig:1    | Entered Level 1 of a ziggurat
108361 | Zig:2    | Entered Level 2 of a ziggurat
108364 | Zig:2    | Found the +5 moon troll leather armour {Spirit, Regen++
                  | MP+5}
108384 | Zig:3    | Entered Level 3 of a ziggurat
108416 | Zig:4    | Entered Level 4 of a ziggurat
108418 | Zig:4    | Noticed Gadeprup the pandemonium lord
108426 | Zig:4    | Killed Gadeprup the pandemonium lord
108441 | Zig:4    | Identified the ring "Coopiudd" {Will+ EV+5 Int+3 Dex+2}
108451 | Zig:5    | Entered Level 5 of a ziggurat
108455 | Zig:5    | Noticed a royal mummy
108468 | Zig:5    | Killed a royal mummy
108501 | Zig:6    | Entered Level 6 of a ziggurat
108545 | Zig:6    | Identified the +1 leather armour of Love and Death {Str+5}
108546 | Zig:6    | Identified the +3 ring mail "Hytt" {Will+ SInv}
108547 | Zig:6    | Identified the staff "Concordance" {*Slow rElec rN+ Int+6
                  | Air}
108552 | Zig:7    | Entered Level 7 of a ziggurat
108645 | Zig:8    | Entered Level 8 of a ziggurat
108703 | Zig:8    | Paralysed by an air elemental for 1 turns
108847 | Zig:8    | Identified the ring of Ignis's Grace {*Slow rElec rF+++
                  | Int+6 Dex-3}
108851 | Zig:8    | Identified the +2 whip of Blood {speed, *Rage rN+ Str+2
                  | SInv}
108852 | Zig:8    | Identified the staff "Keffyose" {^Contam rC+ Int+5 Earth}
108905 | Zig:9    | Entered Level 9 of a ziggurat
108913 | Zig:9    | Noticed Anihuhunn's ghost (adept GrEE)
108925 | Zig:9    | Killed Anihuhunn's ghost
108961 | Zig:9    | Identified the ring of the Endless Expanse {Fire rN+ Str+3}
108974 | Zig:10   | Entered Level 10 of a ziggurat
109056 | Zig:10   | Identified the ring of Deekunko {Wiz rPois Int+3 Dex+2}
109061 | Zig:10   | Identified the ring "Juacynk" {rPois rF+ rC- rN++ Slay+3}
109068 | Zig:10   | Identified the +12 flail "Lyvio" {flame, rElec rF+++}
109080 | Zig:11   | Entered Level 11 of a ziggurat
109183 | Zig:11   | Identified the staff "Higuxef" {rN+ Necro Tloc}
109198 | Zig:11   | Identified the staff "Zohu" {^Fragile rPois MP+9 Str+3
                  | Dex+3 Alchemy}
109202 | Zig:12   | Entered Level 12 of a ziggurat
109261 | Zig:12   | Identified the +2 pair of boots "Ofumoqech" {rElec rN+}
109304 | Zig:12   | Identified the +9 plate armour of Eternal Vigilance {Fly
                  | Slay+3 SInv Stlth+}
109322 | Zig:13   | Entered Level 13 of a ziggurat
109336 | Zig:13   | Noticed a dread lich
109346 | Zig:13   | Noticed an ancient lich
109349 | Zig:13   | Killed a dread lich
109362 | Zig:13   | Killed an ancient lich
109422 | Zig:13   | Identified the staff "Baiduyre" {rPois Str+3 Int-2 Dex+3
                  | Alchemy}
109432 | Zig:14   | Entered Level 14 of a ziggurat
109439 | Zig:14   | Noticed a royal mummy
109439 | Zig:14   | Noticed a royal mummy
109443 | Zig:14   | Noticed a royal mummy
109446 | Zig:14   | Noticed a royal mummy
109449 | Zig:14   | Noticed a royal mummy
109450 | Zig:14   | Killed a royal mummy
109451 | Zig:14   | Killed a royal mummy
109463 | Zig:14   | Killed a royal mummy
109480 | Zig:14   | Killed a royal mummy
109480 | Zig:14   | Killed a royal mummy
109481 | Zig:14   | Reached skill level 27 in Shapeshifting
109682 | Zig:14   | Identified the ring of Puutz {rN+ EV+5 Stlth+}
109688 | Zig:14   | Identified the +5 falchion of Autumn {freeze, Will- Str+3
                  | Dex+3}
109693 | Zig:14   | Identified the staff "Ujourih" {rPois Dex+2 Summ Tloc
                  | Alchemy}
109695 | Zig:14   | Identified the staff of the Lettuce {rF+ rC+ rN+ Int-5
                  | Necro Ice}
109713 | Zig:14   | Identified the ring "Cahuatish" {rN+ AC+4}
109716 | Zig:14   | Identified the ring "Qoamn" {rF+ rN+ MP+9}
109717 | Zig:14   | Identified the +1 chain mail of Midnight {rC- Int+5}
109720 | Zig:14   | Identified the staff "Ibrowe" {rC+ Necro Tloc Ice}
109737 | Zig:15   | Entered Level 15 of a ziggurat
109742 | Zig:15   | Noticed a royal mummy
109744 | Zig:15   | Noticed a royal mummy
109744 | Zig:15   | Noticed a royal mummy
109745 | Zig:15   | Noticed a royal mummy
109748 | Zig:15   | Killed a royal mummy
109748 | Zig:15   | Noticed a royal mummy
109756 | Zig:15   | Killed a royal mummy
109761 | Zig:15   | Killed a royal mummy
109765 | Zig:15   | Killed a royal mummy
109766 | Zig:15   | Killed a royal mummy
109853 | Zig:16   | Entered Level 16 of a ziggurat
109865 | Zig:16   | Found the +9 sword of Power {lifebolt}
109939 | Zig:16   | Identified the staff "Atut" {rElec rN+ rCorr Int+2 Dex+2
                  | Necro}
109947 | Zig:16   | Identified the ring of the Two Names {rC+ rCorr}
109948 | Zig:16   | Identified the staff of Nupp {rC+ Earth}
109958 | Zig:16   | Identified the +1 helmet "Qoequd" {+Inv rN+ Int-3}
109962 | Zig:16   | Identified the ring of Zanon {rPois rC+ rCorr Dex+3 SInv}
109983 | Zig:17   | Entered Level 17 of a ziggurat
110093 | Zig:17   | Identified the staff "Gecukuh" {rPois rF+ rC++ rN+ Earth}
110102 | Zig:17   | Identified the staff of Contention {rF++ Earth}
110104 | Zig:17   | Identified the +5 shortbow "Daqovam" {antimagic, Dex+3}
110108 | Zig:17   | Identified the ring of Sloth {rCorr Dex+5}
110118 | Zig:17   | Identified the +7 dire flail of Deformation {speed, Str+3
                  | Int+4}
110132 | Zig:18   | Entered Level 18 of a ziggurat
110157 | Zig:18   | Paralysed by an air elemental for 1 turns
110304 | Zig:18   | Identified the ring "Fetij" {rElec EV+5 Str+3 Int+2 Dex-2}
110321 | Zig:19   | Entered Level 19 of a ziggurat
110343 | Zig:19   | Found the +8 demon blade "Leech" {evervamp, Harm ^Drain
                  | rN+}
110364 | Zig:19   | Reached skill level 27 in Stealth
110470 | Zig:19   | Identified the ring of the Hart {rC+ rN+ AC+4 Int+3}
110473 | Zig:19   | Identified the amulet "Poamoevy" {Regen+ Dex+5}
110477 | Zig:19   | Identified the +1 scimitar of the Gibberer {elec, Stlth+}
110488 | Zig:19   | Identified the ring of Attitude {Ice rN++ MP+9 Str+4}
110492 | Zig:19   | Identified the blade talisman of Ehiessof {rPois Will-
                  | Int+2 Dex+7}
110506 | Zig:20   | Entered Level 20 of a ziggurat
110522 | Zig:20   | Reached skill level 1 in Spellcasting
110539 | Zig:20   | Reached skill level 5 in Shields
110613 | Zig:20   | Identified the +1 robe of Cheibriados, Shouting {Harm rF+}
110616 | Zig:20   | Identified the staff of Luicwop {rF+ rC+ Conj Fire}
110628 | Zig:20   | Identified the +0 robe "Senosm" {-Tele Str-3 Dex+7 SInv}
110635 | Zig:20   | Identified the +0 scale mail of Charity {rC+}
110637 | Zig:20   | Identified the ring of Owatel {rC+ Will+}
110638 | Zig:20   | Identified the +4 orcbow "Demonspawn's Doom" {freeze, rF+
                  | Str+3 Int-2}
110645 | Zig:20   | Identified the +1 orcbow of the Head {flame, *Slow Fly
                  | Will+++ Stlth+}
110659 | Zig:21   | Entered Level 21 of a ziggurat
110678 | Zig:21   | Reached skill level 5 in Spellcasting
110988 | Zig:21   | Identified the +10 flail of Defence by Offence {antimagic,
                  | SInv}
110994 | Zig:21   | Identified the +6 quarterstaff "Hodudemo" {freeze, rCorr}
111013 | Zig:21   | Identified the +3 mace of the Orcish Mines {flame, Str+5}
111024 | Zig:21   | Identified the +0 cloak "Yteo" {+Blink Str+3}
111050 | Zig:22   | Entered Level 22 of a ziggurat
111097 | Zig:22   | Paralysed by accursed screaming for 2 turns
111102 | Zig:22   | Paralysed by accursed screaming for 2 turns
111103 | Zig:22   | Reached skill level 10 in Shields
111112 | Zig:22   | Paralysed by accursed screaming for 2 turns
111116 | Zig:22   | Paralysed by accursed screaming for 2 turns
111250 | Zig:22   | Identified the ring "Pigiyg" {rC+ AC+4}
111266 | Zig:22   | Reached skill level 10 in Spellcasting
111269 | Zig:22   | Identified the staff of Fate {Fly rC+ rN+ Necro Ice}
111289 | Zig:23   | Entered Level 23 of a ziggurat
111481 | Zig:23   | Identified the ring "Tuusokk" {rC+ Will++ Dex-5}
111501 | Zig:23   | Identified the +9 great mace "Undertaker" {flame, rF+ rC-
                  | rN+ Str+2}
111515 | Zig:23   | Identified the staff of Okawaru, Hammering {rElec rPois
                  | rC++ Dex-4 Summ Alchemy}
111550 | Zig:24   | Entered Level 24 of a ziggurat
111569 | Zig:24   | Noticed a royal mummy
111571 | Zig:24   | Noticed a royal mummy
111573 | Zig:24   | Noticed a royal mummy
111577 | Zig:24   | Noticed a royal mummy
111577 | Zig:24   | Noticed a royal mummy
111577 | Zig:24   | Noticed a royal mummy
111577 | Zig:24   | Noticed a royal mummy
111594 | Zig:24   | Noticed a royal mummy
111600 | Zig:24   | Killed a royal mummy
111600 | Zig:24   | Killed a royal mummy
111601 | Zig:24   | Killed a royal mummy
111605 | Zig:24   | Killed a royal mummy
111609 | Zig:24   | Killed a royal mummy
111609 | Zig:24   | Killed a royal mummy
111612 | Zig:24   | Killed a royal mummy
111626 | Zig:24   | Killed a royal mummy
111931 | Zig:25   | Entered Level 25 of a ziggurat
111949 | Zig:25   | Reached skill level 5 in Summonings
112013 | Zig:25   | Found the +3 greatsling "Punk" {acid, rCorr}
112443 | Zig:25   | Identified the +3 morningstar of Floods {spect, rElec Will-
                  | Stlth+}
112458 | Zig:25   | Identified the +1 ring mail of Too Many Cooks {rElec rF-
                  | rCorr}
112471 | Zig:25   | Identified the staff of Causality {^Fragile rPois rCorr
                  | Int+8 Alchemy}
112482 | Zig:26   | Entered Level 26 of a ziggurat
112509 | Zig:26   | Noticed Kodwaafing the pandemonium lord
112522 | Zig:26   | Reached skill level 15 in Spellcasting
112539 | Zig:26   | Reached skill level 10 in Summonings
112551 | Zig:26   | Killed Kodwaafing the pandemonium lord
112733 | Zig:26   | Identified the +3 scale mail "Zatigucs" {MP+9}
112781 | Zig:26   | Identified the +2 hand axe of Hell's Wrath {spect, rF+
                  | Will+}
112792 | Zig:26   | Got Vehumet's Vademecum on Coarse Assaults
112814 | Zig:27   | Entered Level 27 of a ziggurat
112824 | Zig:27   | Noticed a dread lich
112826 | Zig:27   | Noticed a dread lich
112826 | Zig:27   | Noticed a dread lich
112827 | Zig:27   | Noticed a dread lich
112833 | Zig:27   | Killed a dread lich
112837 | Zig:27   | Killed a dread lich
112848 | Zig:27   | Killed a dread lich
112852 | Zig:27   | Killed a dread lich
113051 | Zig:27   | Identified the amulet of the Five Curses {Regen+ Int+3}
113064 | Zig:27   | Identified the staff of Midsummer {rF+ Str+7 Dex-2 Conj
                  | Fire Alchemy}
113085 | Zig:27   | Identified the staff "Puraub" {rPois Will+ Alchemy}
113089 | Zig:27   | Identified the +7 quarterstaff of the Nurturing Gods
                  | {spect, *Rage rPois rCorr}
113090 | Zig:27   | Identified the +3 short sword of Zusupnei {vamp, Int+2}
113339 | Zot:5    | Got the Orb of Zot
113606 | D:15     | Noticed Zeilauwe the pandemonium lord
113612 | D:15     | Killed Zeilauwe the pandemonium lord
113781 | Vaults:3 | Noticed Seps the pandemonium lord
113844 | Tomb:1   | Entered Level 1 of the Tomb of the Ancients
113854 | Tomb:1   | Noticed a royal mummy
113854 | Tomb:1   | Noticed a royal mummy
113860 | Tomb:1   | Noticed a royal mummy
113860 | Tomb:1   | Noticed a royal mummy
113863 | Tomb:1   | Killed a royal mummy
113864 | Tomb:1   | Killed a royal mummy
113864 | Tomb:1   | Noticed a royal mummy
113866 | Tomb:1   | Noticed a royal mummy
113870 | Tomb:1   | Killed a royal mummy
113877 | Tomb:1   | Killed a royal mummy
113877 | Tomb:1   | Killed a royal mummy
113877 | Tomb:1   | Noticed a royal mummy
113879 | Tomb:1   | Killed a royal mummy
113888 | Tomb:1   | Killed a royal mummy
113894 | Tomb:1   | Noticed Luetuex the pandemonium lord
113902 | Tomb:1   | Killed Luetuex the pandemonium lord
113987 | Tomb:2   | Noticed a royal mummy
113987 | Tomb:2   | Noticed a royal mummy
113988 | Tomb:2   | Noticed a royal mummy
113989 | Tomb:2   | Noticed a royal mummy
113992 | Tomb:2   | Noticed a royal mummy
113997 | Tomb:2   | Killed a royal mummy
114000 | Tomb:2   | Killed a royal mummy
114004 | Tomb:2   | Killed a royal mummy
114005 | Tomb:2   | Reached skill level 15 in Summonings
114005 | Tomb:2   | Killed a royal mummy
114005 | Tomb:2   | Killed a royal mummy
114293 | Tomb:1   | Noticed a royal mummy
114296 | Tomb:1   | Noticed a royal mummy
114303 | Tomb:1   | Killed a royal mummy
114310 | Tomb:1   | Killed a royal mummy
114318 | Tomb:1   | Noticed a royal mummy
114390 | Tomb:2   | Identified the +1 chain mail of the Painted God {rN+ Will+}
114414 | Tomb:1   | Killed a royal mummy
114429 | Tomb:1   | Noticed a royal mummy
114439 | Tomb:1   | Killed a royal mummy
114453 | Tomb:1   | Noticed a royal mummy
114458 | Tomb:1   | Noticed a royal mummy
114464 | Tomb:1   | Killed a royal mummy
114464 | Tomb:1   | Killed a royal mummy
114467 | Tomb:1   | Noticed a royal mummy
114485 | Tomb:1   | Killed a royal mummy
114515 | Tomb:1   | Noticed a royal mummy
114520 | Tomb:1   | Noticed a royal mummy
114527 | Tomb:1   | Noticed a royal mummy
114529 | Tomb:1   | Killed a royal mummy
114536 | Tomb:1   | Noticed Suris the pandemonium lord
114541 | Tomb:1   | Killed a royal mummy
114551 | Tomb:1   | Killed a royal mummy
114582 | Tomb:1   | Noticed Ahisusoc the pandemonium lord
114588 | Tomb:1   | Noticed a royal mummy
114590 | Tomb:1   | Killed Ahisusoc the pandemonium lord
114618 | Tomb:1   | Noticed Hupnawal the pandemonium lord
114625 | Tomb:1   | Killed Hupnawal the pandemonium lord
114670 | Tomb:3   | Entered Level 3 of the Tomb of the Ancients
114684 | Tomb:3   | Noticed a royal mummy
114686 | Tomb:3   | Noticed a royal mummy
114698 | Tomb:3   | Killed a royal mummy
114698 | Tomb:3   | Noticed a royal mummy
114699 | Tomb:3   | Noticed a royal mummy
114707 | Tomb:3   | Killed a royal mummy
114713 | Tomb:3   | Killed a royal mummy
114714 | Tomb:3   | Noticed a royal mummy
114719 | Tomb:3   | Killed a royal mummy
114723 | Tomb:3   | Noticed a royal mummy
114741 | Tomb:3   | Killed a royal mummy
114746 | Tomb:3   | Killed a royal mummy
114749 | Tomb:3   | Killed a royal mummy
114752 | Tomb:3   | Noticed a royal mummy
114757 | Tomb:3   | Killed a royal mummy
114804 | Tomb:3   | Got a sanguine gem with 1800 turns to spare
114819 | Tomb:3   | Got a golden rune of Zot
114940 | Tomb:1   | Noticed a royal mummy
114961 | Tomb:1   | Killed a royal mummy
114983 | Tomb:1   | Noticed a royal mummy
114994 | Tomb:1   | Killed a royal mummy
115030 | Tomb:1   | Noticed Agynk the pandemonium lord
115035 | Tomb:1   | Noticed Sosezxat the pandemonium lord
115037 | Tomb:1   | Killed Agynk the pandemonium lord
115046 | Tomb:1   | Killed Sosezxat the pandemonium lord
115092 | Tomb:1   | Noticed Esune the pandemonium lord
115117 | Tomb:1   | Killed Esune the pandemonium lord
115204 | Vaults:3 | Killed Seps the pandemonium lord
115259 | Vaults:3 | Noticed Meafuyju the pandemonium lord
115269 | Vaults:3 | Killed Meafuyju the pandemonium lord
115395 | D:12     | Noticed Wenomuh the pandemonium lord
115405 | D:12     | Killed Wenomuh the pandemonium lord
115427 | D:11     | Noticed Iluzo the pandemonium lord
115432 | D:11     | Killed Iluzo the pandemonium lord
115668 | D:2      | Noticed Ublyomnu the pandemonium lord
115680 | D:2      | Killed Ublyomnu the pandemonium lord
115680 | D:2      | Noticed Ocan the pandemonium lord
115688 | D:2      | Killed Ocan the pandemonium lord
115695 | D:2      | Noticed Zotov the pandemonium lord
115708 | D:2      | Killed Zotov the pandemonium lord
115733 | D:$      | Escaped with the Orb!

Illustrated notes

Levels and vault maps discovered:
D:1:      orjb1_clovarrival, layout_loops_cross, serial_shops,
          nicolae_shop_advertising_works [nicolae_subvault_shop_adworks],
          hellmonk_ecumenical_altar_dog_temple, minmay_tromino_i2
D:2:      layout_loops_ring, grunt_decor_mini_mirrors,
          minmay_fractal_squares_gapless_5
D:3:      layout_basic
D:4:      layout_loops_ring, gammafunk_ghost_necromancy,
          nicolae_figureground_pulse, uniq_ijyb, uniq_crazy_yiuf_cottage
D:5:      minmay_clustersquares, layout_basic, chequers_serial_rivers_small_3,
          nicolae_half_adder, uniq_edmund, uniq_menkaure
D:6:      layout_loops_ring, mainiacjoe_overflow_catwalk_spiral,
          overflow_temple_1_default, uniq_sigmund
D:7:      layout_loops_ring, minmay_temple_entry_mist, hex_large, uniq_jeremiah
D:8:      layout_loops_ring, uniq_maggie
D:9:      layout_basic, hangedman_abyss_or_decor_stabs
D:10:     minmay_diamond_stairs, layout_long_grid, david_orc_4, uniq_fannar
D:11:     minmay_recursive_quarters, layout_loops_ring, gammafunk_ghost_grave
D:12:     layout_grid_maze, kennysheep_crisscross
D:13:     layout_basic
D:14:     layout_loops_ring, hellmonk_vaults_order_and_chaos, serial_shops,
          shop, serial_bayou_pond_b, grunt_ministairs_8
D:15:     gammafunk_depths_entry_grave, layout_loops_cross,
          gammafunk_ghost_hive, serial_park_square2
Temple:   nicolae_temple_bog_church
Lair:1:   layout_concentric_octagons, lemuel_fruit_tree, grunt_megastairs_2
Lair:2:   layout_cave_pods, grunt_forest_large_clearings
Lair:3:   layout_chaotic_city, shoals_dummy_entry, alex1729_snake_entry_snake
Lair:4:   layout_gridlike, slime_entry_1
Lair:5:   minmay_lair_end_enchanted_forest, layout_misc_corridors,
          nicolae_lair_yak_garden
Shoals:1: layout_shoals, nicolae_shoals_seven_spires
Shoals:2: layout_shoals, gammafunk_ghost_grave
Shoals:3: layout_shoals, nicolae_shoals_lost_giant_temple
Shoals:4: shoals_end_grunt_ice, layout_shoals, shoals_ilsuiw_ice,
          nicolae_shoals_stone_sculpture_thing, uniq_polyphemus
Snake:1:  layout_misc_corridors, serial_shops,
          nicolae_shop_tiny_real_fake_doors, basic_altar, grunt_megastairs_5
Snake:2:  layout_concentric_octagons, serial_shops, shop
Snake:3:  nicolae_sea_snake_s, layout_misc_corridors
Snake:4:  snake_pit, layout_onion, grunt_megastairs_4, minmay_shoptagon
Slime:1:  layout_caves
Slime:2:  layout_caves, basic_altar
Slime:3:  layout_caves
Slime:4:  layout_caves
Slime:5:  slime_pit_nicolae_amoeboid
Orc:1:    layout_diamond_mine, gammafunk_ghost_wrathful_warriors, uniq_urug,
          uniq_snorg
Orc:2:    st_orc_congregation, layout_caves, basic_altar, elf_legates
Elf:1:    nicolae_elf_arrival_no_cutting_in_line, layout_onion_city,
          serial_shops, nicolae_shop_tiny_waterfront, minmay_elf_sorcery,
          hangedman_research_thanatology, uniq_frances
Elf:2:    nicolae_elf_blades_crystal_corner, layout_loops_corners, serial_shops,
          shop, nicolae_lakefront_shop, nicolae_shop_dealshenge,
          nicolae_shop_crystal, shop, ebering_ghost_rock_garden, uniq_asterion
Elf:3:    minmay_elf_hall_golems, layout_gridlike, serial_shops,
          nicolae_shop_hallway_stairs
Vaults:1: v_rooms_2, nicolae_vaults_mini_display_case,
          nicolae_vaults_display_case, v_misc_19,
          nicolae_vaults_doubleplus_tesselated, nicolae_vaults_asterisk,
          vaults_room_corners, nicolae_vaults_surprise_closet,
          nicolae_vaults_taking_the_gang_shopping, layout_vaults_omnigrid,
          uniq_aizul
Vaults:2: nicolae_vaults_house_1, nicolae_vaults_shrinking_rooms_2,
          vaults_room_fancy_cross, st_cross,
          nicolae_vaults_door_testing_chamber, nicolae_vaults_two_Ls,
          nicolae_vaults_big_ls, nicolae_vaults_more_shelving_1,
          layout_vaults_chaotic_city, serial_shops, statue_bzr, uniq_frederick,
          uniq_donald, uniq_xtahua
Vaults:3: hangedman_vaults_variations, minmay_crypt_entry_vampire_xt,
          vaults_standard_mumra_x, v_misc_25, nicolae_vaults_ring_of_whatevers,
          vaults_dpeg_diagonal, sword_in_stone, nicolae_vaults_little_squares_1,
          hangedman_vaults_maws, nicolae_vaults_offset_grid_hallway_1,
          nicolae_vaults_little_squares_4, v_misc_11, layout_vaults_omnibox
Vaults:4: nicolae_vaults_apartment_1, nicolae_vaults_meiosis, st_octagons_1,
          v_rooms_6, v_misc_4, v_alt_pattern_4, vaults_room_stairs_pillars,
          ontoclasm_vaults_ring_square, nicolae_vaults_little_squares_5,
          layout_vaults_omnicross, serial_shops, nicolae_shop_waterfront,
          uniq_margery
Vaults:5
Crypt:1:  gammafunk_sealed_arena, layout_chaotic_city, gammafunk_ghost_grave,
          nicolae_crypt_reliquary_box, serial_library_hellmonk_narrow_alcove,
          grunt_crypt_arrival_guarded_gate
Crypt:2:  layout_rooms, nicolae_crypt_grand_chamber, lemuel_elevator
Crypt:3:  due_elkab, layout_chaotic_city, nicolae_crypt_skullbonk,
          minicrypt_bobbens
Tomb:1
Tomb:2
Tomb:3
Depths:1: layout_gridlike, pf_hell_entry_tar_river, grunt_ministairs_7,
          evilmike_spriggan_trog_shrine, firewood_loft
Depths:2: minmay_the_grid_triangle_9x9_line_8_mashed
          [minmay_the_grid_triangle_9x9_warning,
          minmay_the_grid_triangle_9x9_shrine,
          minmay_the_grid_triangle_9x9_negative_grid,
          minmay_the_grid_triangle_9x9_checkered,
          minmay_the_grid_triangle_9x9_empty,
          minmay_the_grid_triangle_9x9_descending_squares,
          minmay_the_grid_triangle_9x9_cache,
          minmay_the_grid_triangle_9x9_prize_schism], layout_gridlike,
          enter_ziggurat_b, rand_demon_pan_entry_4, minmay_crystal_room,
          hell_entry, serial_bayou_shore_b, uniq_josephina
Depths:3: minmay_expanding_squares, layout_gridville, nicolae_water_bricks,
          grunt_hell_entry_dis_old, abyss_entry, serial_shops, shop,
          infiniplex_staircase_pool_lava
Depths:4: grunt_zot_entry_alcove, layout_basic, pan_entry,
          pf_vacation_house_of_asmodeus, dk_noncrumbling_2
Hell
Dis:1:    layout_gridville, lemuel_dis_dragons
Dis:2:    layout_subdivisions, nicolae_dis_big_boring_drill
Dis:3:    layout_regular_city, evilmike_ambush [evilmike_ambush_outer_basic,
          evilmike_ambush_inner_basic]
Dis:4:    layout_overlapping_boxes, nicolae_dis_distal_crystal
Dis:5:    layout_gridville
Dis:6:    layout_overlapping_boxes, hangedman_dis_decor_tower
Dis:7:    dis_grunt_layers
Geh:1:    layout_gehenna_pools_box
Geh:2:    nicolae_geh_symmetric_flows, layout_gehenna_pools_basic
Geh:3:    layout_gehenna_pools_box
Geh:4:    layout_gehenna_pools_basic, nicolae_geh_gnashing_of_teeth
Geh:5:    layout_gehenna_pools_box
Geh:6:    layout_gehenna_pools_triple
Geh:7:    geh_old
Coc:1:    layout_cocytus_delve
Coc:2:    layout_ice_bergs
Coc:3:    layout_ice_bergs
Coc:4:    layout_cocytus_water_paths
Coc:5:    layout_ice_bergs
Coc:6:    layout_cocytus_water_paths
Coc:7:    coc_hangedman
Tar:1:    layout_cathedral_of_symmetry, nicolae_tar_cuneiform_water
Tar:2:    layout_cathedral_of_symmetry
Tar:3:    layout_honeycomb
Tar:4:    layout_honeycomb
Tar:5:    layout_cathedral_of_symmetry
Tar:6:    layout_honeycomb, nicolae_tar_combbox
Tar:7:    tar_grunt_cathedral
Zot:1:    layout_cellular_growth, zot_minivault_8
Zot:2:    grunt_zot_stairs_mandelzot, layout_twisted_circle,
          hangedman_zot_diagonal_lockstep, st_stairs_1
Zot:3:    kennysheep_room_grid, layout_gridlike, hangedman_zot_decor_scrapings
Zot:4:    layout_basic, kennysheep_underground_church, uniq_parghit
Zot:5:    layout_basic, grunt_ministairs_12

Skill      XL: |  1  2  3  4  5  6  7  8  9 10 11 12 13 14 15 16 17 18 19 20 21 22 23 24 25 26 27 |
---------------+----------------------------------------------------------------------------------+-----
Axes           | 2 3 4 5 6 8 9 11 12 13 15 16 17 19 20 21 22 24 27 | 27.0
Armour         | 3 4 5 6 7 9 10 11 12 13 14 15 27 | 27.0
Fighting       | 4 5 6 7 9 10 12 13 15 16 18 19 20 21 22 23 24 25 27 | 27.0
Dodging        | 1 2 3 4 5 6 7 12 15 18 27 | 27.0
Shapeshifting  | 10 14 18 20 23 27 | 27.0
Evocations     | 5 7 9 27 | 27.0
Stealth        | 27 | 27.0
Shields        | 13 | 13.1
Spellcasting   | 21 | 21.4
Summonings     | 19 | 19.6

Action                     |  1- 3 |  4- 6 |  7- 9 | 10-12 | 13-15 | 16-18 | 19-21 | 22-24 | 25-27 || total
---------------------------+-------+-------+-------+-------+-------+-------+-------+-------+-------++-------
  Melee: War axe           |   106 |    96 |    91 |       |       |       |       |       |       ||   293
         Touch             |       |    22 |    56 |    90 |   198 |   198 |   210 |   298 |  1570 ||  2642
         Punch             |       |     1 |     5 |     8 |    15 |    15 |    24 |    38 |   132 ||   238
         Broad axe         |       |       |   129 |   429 |   847 |   802 |  1098 |  1205 |  6682 || 11192
  Throw: Dart              |       |       |     1 |     3 |       |       |       |       |       ||     4
 Invoke: Call Merchant     |       |       |       |     2 |     3 |     2 |     2 |     1 |     9 ||    19
         Potion Petition   |       |       |       |       |       |     1 |     3 |     2 |    31 ||    37
         Bribe Branch      |       |       |       |       |       |       |       |       |     1 ||     1
Ability: Siphon Essence    |       |       |       |       |       |       |       |       |     5 ||     5
  Evoke: Wand              |       |       |     4 |       |       |       |       |       |    23 ||    27
         Phantom mirror    |       |       |       |       |       |       |       |     2 |    22 ||    24
         Phial of floods   |       |       |       |       |       |       |       |     1 |    12 ||    13
         Sack of spiders   |       |       |       |       |       |       |       |     1 |     7 ||     8
         Lightning rod     |       |       |       |       |       |       |       |       |    14 ||    14
         Condenser vane    |       |       |       |       |       |       |       |       |    10 ||    10
         Horn of Geryon    |       |       |       |       |       |       |       |       |     8 ||     8
    Use: Scroll            |       |     3 |     1 |     8 |    13 |    10 |     5 |     5 |    48 ||    93
         Potion            |       |       |       |       |       |    10 |     4 |     1 |    38 ||    53
   Stab: Distracted        |       |       |       |     1 |     9 |    14 |    23 |    55 |   396 ||   498
         Petrifying        |       |       |       |       |     2 |       |     1 |       |       ||     3
         Confused          |       |       |       |       |     1 |       |       |       |       ||     1
         Paralysed         |       |       |       |       |     1 |       |       |       |       ||     1
         Invisible         |       |       |       |       |       |     4 |       |       |    46 ||    50
         Petrified         |       |       |       |       |       |       |     6 |       |       ||     6
         Sleeping          |       |       |       |       |       |       |       |       |     5 ||     5
 Armour: Scale mail        |    49 |       |       |       |       |       |       |       |       ||    49
         Chain mail        |    16 |    90 |   188 |   448 |   694 |       |       |       |       ||  1436
         Storm dragon scal |       |       |       |       |   129 |   703 |   862 |   674 |  2115 ||  4483
         Gold dragon scale |       |       |       |       |       |       |       |       |   704 ||   704
  Dodge: Dodged            |    48 |    38 |   100 |   259 |   410 |   328 |   336 |   333 |  2975 ||  4827
  Block: Buckler           |    33 |       |       |       |       |       |       |       |       ||    33
         Other             |       |       |       |       |   175 |    55 |    40 |   128 |  1129 ||  1527
         Reflection        |       |       |       |       |    13 |    12 |     8 |     3 |    66 ||   102
         Form:             |       |       |       |       |       |       |       |     2 |    21 ||    23
         Death             |       |       |       |       |       |       |       |     2 |    21 ||    23
         Storm             |       |       |       |       |       |       |       |     1 |       ||     1
